 Dungeon Crawl Stone Soup version 0.29.1-12-g30fa7ad0bf (webtiles) character file.

Game seed: 8469979520501240647

16085645 FexLirch the Cat of Death (level 27, 261/261 HPs)
             Began as a Felid Summoner on Dec 19, 2022.
             Was the Champion of Jiyva.
             Escaped with the Orb
             ... and 15 runes on Dec 21, 2022!
             The game lasted 18:13:55 (96950 turns).

FexLirch the Cat of Death (Felid Summoner)         Turns: 96950, Time: 18:13:56

Health: 261/261    AC:  8    Str:  8      XL:     27
Magic:  37/50      EV: 62    Int: 33 (37) God:    Jiyva [******]
Gold:   10676      SH:  0    Dex: 34      Spells: 0/70 levels left
                                        Lives:  2   Deaths: 3

rFire   + + .      SeeInvis +     - Unarmed
rCold   + + .      Faith    .   (shield unavailable)
rNeg    + + .      Spirit   .   (body armour unavailable)
rPois   +          Reflect  .   (helmet unavailable)
rElec   +          Harm     .   (cloak unavailable)
rCorr   +          Rampage  .   (gloves unavailable)
Will    +++++      Clarity  +   (boots unavailable)
Stlth   ..........              R - macabre finger necklace {rN+}
HPRegen 2.13/turn               X - ring of the Howling Jester {AC+4 Int+5 Dex+6}
MPRegen 0.82/turn               U - ring "Uhir" {rN+ Int+5 Dex+2}
                                I - +6 ring of strength

@: brilliant, berserking, death channelling, resistant, flying, hasted,
invisible, very quick
A: very small, claws 1, fangs 3, see invisible, speed 1, shaggy fur 3, stealthy
paws, no weapons or thrown items, no armour, multi-lived, agile 2, clarity, fire
resistance 1, strong-willed 3, sense surroundings 1, robust 2, wild magic 1,
gelatinous body 1, translucent skin 2
0: Orb of Zot
}: 15/15 runes: barnacled, slimy, silver, golden, iron, obsidian, icy, bone,
abyssal, demonic, glowing, magical, fiery, dark, gossamer
a: Renounce Religion, Oozemancy, Slimify


You escaped.
You worshipped Jiyva.
Jiyva was exalted by your worship.
You visited 18 branches of the dungeon, and saw 88 of its levels.
You visited Pandemonium 2 times, and saw 18 of its levels.
You visited the Abyss 1 time.
You also visited: Gauntlet.

You collected 26729 gold pieces.
You spent 9517 gold pieces at shops.
You paid 6536 gold pieces to Gozag.

Inventory:

Jewellery
 n - the amulet "Wubutes" {RegenMP rPois rC+ Slay+2}
   (You bought it in a shop on level 3 of the Elven Halls)

   [amulet of magic regeneration]

   It increases your rate of magic regeneration.
   Slay:      It affects your accuracy & damage with ranged weapons and melee
   (+2).
   rC:        It protects you from cold.
   rPois:     It protects you from poison.
 o - the ring "Afail" {rF+ rC+ Will+}
   (You took it off a yaktaur on level 5 of the Vaults)

   [ring of protection from cold]

   rF:        It protects you from fire.
   rC:        It protects you from cold.
   Will:      It increases your willpower.
 s - the ring of Cynicism {rF+ Will+++ Dex-3}
   (You bought it in a shop on level 3 of the Elven Halls)

   [ring of protection from fire]

   Dex:       It affects your dexterity (-3).
   rF:        It protects you from fire.
   Will:      It greatly increases your willpower.
 x - a +6 ring of intelligence
 E - the amulet of Egay {RegenMP Slay+6}
   (You found it in Pandemonium)

   [amulet of magic regeneration]

   It increases your rate of magic regeneration.
   Slay:      It affects your accuracy & damage with ranged weapons and melee
   (+6).
 I - a +6 ring of strength (on amulet)
 J - a ring of wizardry
 M - the ring "Uhach" {rN+ Dex+4 SInv}
   (You bought it in a shop on level 2 of the Vaults)

   [ring of see invisible]

   Dex:       It affects your dexterity (+4).
   rN:        It protects you from negative energy.
   SInv:      It lets you see invisible.
 Q - a ring of willpower
 R - the macabre finger necklace (around neck) {rN+}
   (You found it on level 1 of the Depths)

   [amulet of nothing]

   It enables you to equip an extra ring.
   rN:        It protects you from negative energy.
 U - the ring "Uhir" (right paw) {rN+ Int+5 Dex+2}
   (You found it on level 3 of the Crypt)

   [ring of positive energy]

   Int:       It affects your intelligence (+5).
   Dex:       It affects your dexterity (+2).
   rN:        It protects you from negative energy.
 V - the ring of the Mage {Wiz Archmagi}
   (You took it off a vault guard on level 5 of the Vaults)

   [ring of wizardry]

   It improves your spell success rate.
   Archmagi:  It increases the power of your magical spells.
 W - a ring of protection from fire
 X - the ring of the Howling Jester (left paw) {AC+4 Int+5 Dex+6}
   (You bought it in a shop on level 4 of the Vaults)

   [ring of protection]

   AC:        It affects your AC (+4).
   Int:       It affects your intelligence (+5).
   Dex:       It affects your dexterity (+6).
 Z - a ring of willpower
Wands
 v - a wand of paralysis (50)
 A - a wand of mindburst (24)
 B - a wand of polymorph (13)
 C - a wand of flame (117)
 F - a wand of quicksilver (9)
 G - a wand of roots (28)
 K - a wand of digging (35)
Scrolls
 f - 5 scrolls of torment
 i - 3 scrolls of magic mapping
 k - 5 scrolls of immolation
 l - 19 scrolls of teleportation
 m - 11 scrolls of vulnerability
 t - 4 scrolls of noise
 w - 8 scrolls of fear
 y - 8 scrolls of poison
 D - 2 scrolls of fog
 H - 5 scrolls of blinking
 T - 3 scrolls of amnesia
 Y - 4 scrolls of silence
Potions
 a - a potion of magic
 b - 2 potions of might
 c - 18 potions of curing
 d - a potion of haste
 e - 2 potions of resistance
 h - 10 potions of lignification
 j - 7 potions of attraction
 p - 2 potions of mutation
 q - 11 potions of berserk rage
 r - 9 potions of heal wounds
 u - 4 potions of brilliance
 z - 5 potions of invisibility
 O - 7 potions of flight
 P - 5 potions of cancellation
Miscellaneous
 L - a phantom mirror
 N - a lightning rod (4/4)
 S - a figurine of a ziggurat


   Skills:
 + Level 25.4 Fighting
 O Level 27 Dodging
 - Level 2.6 Stealth
 O Level 27 Unarmed Combat
 - Level 22.0 Spellcasting
 - Level 23.9 Hexes
 - Level 14.0 Summonings
 O Level 27 Necromancy
 - Level 23.0 Translocations
 - Level 19.0 Transmutations
 - Level 20.8 Air Magic
 - Level 5.0 Earth Magic


You couldn't memorise any spells.
You knew the following spells:

 Your Spells              Type           Power      Damage    Failure   Level
a - Storm Form            Tmut/Air       72%        N/A       1%          7
b - Manifold Assault      Tloc           100%       N/A       1%          5
c - Death Channel         Necr           80%        N/A       1%          6
d - Dispersal             Tloc           76%        N/A       1%          6
e - Maxwell's Capacitive  Air            74%        ∞         2%          8
f - Enfeeble              Hex            77%        N/A       1%          7
g - Blink                 Tloc           100%       N/A       1%          2
h - Malign Gateway        Summ/Tloc      71%        N/A       1%          7
i - Wereblood             Tmut           100%       N/A       1%          2
j - Apportation           Tloc           100%       N/A       1%          1
k - Summon Horrible Thin  Summ           64%        N/A       24%         8
l - Death's Door          Necr           80%        N/A       2%          9
m - Sublimation of Blood  Necr           100%       N/A       1%          2

Your spell library contained the following spells:

 Spells                   Type           Power      Damage    Failure   Level
 Foxfire                  Conj/Fire      100%       2x1d9     1%          1
 Freeze                   Ice            100%       1d11      1%          1
 Necrotise                Necr           100%       1d9       1%          1
 Sandblast                Erth           100%       2d20      1%          1
 Shock                    Conj/Air       100%       1d9       1%          1
 Sting                    Tmut/Pois      100%       1d8       1%          1
 Summon Small Mammal      Summ           100%       N/A       1%          1
 Call Imp                 Summ           100%       N/A       1%          2
 Ensorcelled Hibernation  Hex/Ice        100%       N/A       1%          2
 Passwall                 Tmut/Erth      100%       N/A       1%          2
 Poisonous Vapours        Pois/Air       100%       N/A       1%          2
 Static Discharge         Conj/Air       100%       3-16/arc  1%          2
 Call Canine Familiar     Summ           100%       N/A       1%          3
 Dazzling Flash           Conj/Hex       100%       N/A       1%          3
 Gell's Gravitas          Tloc           100%       N/A       1%          3
 Ignite Poison            Fire/Tmut/Pois 100%       N/A       1%          3
 Inner Flame              Hex/Fire       100%       N/A       1%          3
 Lesser Beckoning         Tloc           100%       N/A       1%          3
 Spider Form              Tmut/Pois      100%       N/A       1%          3
 Stone Arrow              Conj/Erth      100%       3d13      1%          3
 Summon Guardian Golem    Hex/Summ       100%       N/A       1%          3
 Swiftness                Air            100%       N/A       1%          3
 Teleport Other           Tloc           100%       N/A       1%          3
 Airstrike                Air            74%        2d(11-27) 1%          4
 Anguish                  Hex/Necr       79%        N/A       1%          4
 Animate Dead             Necr           100%       N/A       1%          4
 Cause Fear               Hex            77%        N/A       1%          4
 Corpse Rot               Necr/Pois/Air  100%       N/A       1%          4
 Dispel Undead            Necr           100%       3d31      1%          4
 Fulminant Prism          Conj/Hex       61%        3d27      1%          4
 Ice Form                 Ice/Tmut       100%       N/A       1%          4
 Iskenderun's Mystic Bla  Conj/Tloc      100%       2d19      1%          4
 Leda's Liquefaction      Hex/Erth       65%        N/A       1%          4
 Passage of Golubria      Tloc           100%       N/A       1%          4
 Petrify                  Tmut/Erth      100%       N/A       1%          4
 Summon Ice Beast         Ice/Summ       100%       N/A       1%          4
 Summon Lightning Spire   Summ/Air       100%       N/A       1%          4
 Agony                    Necr           100%       N/A       1%          5
 Alistair's Intoxication  Tmut/Pois      76%        N/A       1%          5
 Blade Hands              Tmut           71%        N/A       1%          5
 Borgnjor's Vile Clutch   Necr/Erth      67%        N/A       1%          5
 Lightning Bolt           Conj/Air       58%        1d81      1%          5
 Metabolic Englaciation   Hex/Ice        61%        N/A       1%          5
 Silence                  Hex/Air        75%        N/A       1%          5
 Summon Forest            Summ/Tloc      71%        N/A       1%          5
 Summon Mana Viper        Hex/Summ       100%       N/A       1%          5
 Simulacrum               Ice/Necr       63%        N/A       1%          6
 Statue Form              Tmut/Erth      82%        N/A       1%          6
 Summon Cactus Giant      Summ           64%        N/A       1%          6
 Haunt                    Necr/Summ      73%        N/A       1%          7
 Borgnjor's Revivificati  Necr           80%        N/A       1%          8
 Discord                  Hex            77%        N/A       1%          8
 Infestation              Necr           80%        N/A       1%          8
 Necromutation            Tmut/Necr      76%        N/A       1%          8
 Scorch                   Fire           100%       2d10      2%          2
 Conjure Flame            Conj/Fire      63%        6-21      4%          3
 Frozen Ramparts          Ice            100%       1d16      4%          3
 Ozocubu's Armour         Ice            63%        N/A       4%          3
 Eringya's Noxious Bog    Tmut/Pois      57%        N/A       4%          6
 Summon Hydra             Summ           64%        N/A       4%          7
 Lee's Rapid Deconstruct  Erth           47%        3d23*     5%          5
 Flame Wave               Conj/Fire      63%        2d15      13%         4
 Hailstorm                Conj/Ice       63%        3d13      13%         4
 Olgreb's Toxic Radiance  Pois           63%        N/A       13%         4
 Spellforged Servitor     Conj/Summ      51%        N/A       45%         7
 Iron Shot                Conj/Erth      40%        9d8       50%         6
 Starburst                Conj/Fire      31%        6d10      83%         6
 Ozocubu's Refrigeration  Ice            31%        4d14      100%        7
 Ignition                 Fire           31%        3d10      100%        8
 Chain Lightning          Conj/Air       58%        3d78      100%        9
 Fire Storm               Conj/Fire      31%        8d8       100%        9
 Shatter                  Erth           47%        3d36*     100%        9
 Animate Armour           Summ/Erth      Unusable   N/A       N/A         4

Dungeon Overview and Level Annotations

Branches:
Dungeon (15/15)            Temple (1/1) D:4            Lair (5/5) D:9
 Shoals (4/4) Lair:2       Spider (4/4) Lair:2        Slime (5/5) Lair:4
    Orc (2/2) D:11            Elf (3/3) Orc:2        Vaults (5/5) D:14
  Crypt (3/3) Vaults:3       Tomb (3/3) Crypt:3      Depths (4/4) D:15
   Hell (visited)             Dis (7/7) Hell            Geh (7/7) Hell
    Coc (7/7) Hell            Tar (7/7) Hell            Zot (5/5) Depths:4
Gauntlet (visited)

Altars:
Ashenzari
Cheibriados
Dithmenos
Elyvilon
Fedhas
Gozag
Hepliaklqana
Kikubaaqudgha
Makhleb
Nemelex Xobeh
Okawaru
Qazlal
Ru
Sif Muna
Trog
Uskayaw
Vehumet
Wu Jian
Xom
Yredelemnul
Zin
The Shining One
Jiyva
Lugonu

Shops:
D:8 [   D:15 (   Orc:2 [[?==   Elf:2 ([*=   Elf:3 ==:   Lair:1 :   Lair:2 :
Lair:3 ?   Lair:5 :   Vaults:2 ?=((   Vaults:3 [*(!   Vaults:4 *!?=*(
Vaults:5 =   Depths:2 =*[

Portals:
Hell: Depths:1 Depths:2 Depths:3 Depths:4
Abyss: Depths:2 Depths:3
Pandemonium: Depths:2
Ziggurat: Depths:3
Trove: D:12 (show abyssal rune of Zot)

Annotations:
D:10 exclusion: ice statue
D:11 exclusion: downstairs
Slime:5 Royal Jelly
Depths:2 Vv
Tar:5 28 runed doors


Innate Abilities, Weirdness & Mutations

You have sharp claws.
You have razor-sharp teeth.
You have supernaturally acute eyesight. (SInv)
You cover ground quickly. (Speed+)
Your thick and shaggy fur keeps you warm. (AC +3, rC+)
Your paws help you pounce on unaware monsters.
You are incapable of wielding weapons or throwing items.
You cannot wear armour.
You gain extra lives every three experience levels.
You are very agile. (Dex +8, Str/Int -2)
You possess an exceptional clarity of mind.
Your flesh is heat resistant. (rF+)
You are extremely strong-willed. (Will+++)
You passively map a small area around you.
You are very robust. (+20% HP)
Your spells are a little harder to cast, but a little more powerful.
Your rubbery body absorbs attacks. (AC +1, EV +1)
Your translucent skin reduces your foes' accuracy. (Stealth+)


Message History

There is a stone staircase leading down here.
You see here 5 large rocks.
Your transformation is almost over.
Your transformation has ended.
There is a staircase leading out of the dungeon here.
You see here a stone.
As you read the scroll of summoning, it crumbles to dust.
Wisps of shadow whirl around you...
Casting: Storm Form (mildly dangerous; 1% risk of failure)
Confirm with . or Enter, or press ? or * to list all spells.
Casting: Summon Horrible Things (dangerous; 24% risk of failure)
Confirm with . or Enter, or press ? or * to list all spells.
You blink.
Casting: Blink (safe; 1% risk of failure)
Confirm with . or Enter, or press ? or * to list all spells.
The dungeon shakes, a horrible noise fills the air, and a portal to some otherworldly place is opened!
Casting: Malign Gateway (mildly dangerous; 1% risk of failure)
Confirm with . or Enter, or press ? or * to list all spells.
Malign forces permeate your being, awaiting release.
You feel yourself speed up.
You feel protected.
You feel clever all of a sudden.
You fade into invisibility!
You feel very buoyant.
You fly up into the air.
Okay, then.
Unknown command.
You swap places.
You swap places.
You see here a stone.
There is a staircase leading out of the dungeon here.
Okay, then.
Unknown command.
Really read the scroll of immolation?
You can't even see any enemies this would affect.
As you read the scroll of immolation, it crumbles to dust.
The creatures around you are filled with an inner flame!
A red film seems to cover your vision as you go berserk!
You feel yourself moving faster!
You feel mighty!
You feel a strong urge to attack something.
You have escaped!

#####.####################.#####
# #.#..## ##...# # #.....#
######### #....# #
###...###...8...###....# # #
#...##..8...8..##....# # #
#...#8....g....8#...## # #
#......8.XXX.8......# # #
#...#8...r*X...8#...# # #
#...##..8K@│8..##...####### #
#..[###...8w..###...##.....
#...# ######### #...#######
#..## ##..# #### ####


You could see a friendly eldritch tentacle, 4 friendly large abominations, a
friendly hobgoblin (summoned, inner flame), a friendly kobold (summoned, inner
flame) and a friendly rat (summoned, inner flame).

Vanquished Creatures
  Cerebov (Pan)
  Antaeus (Coc:7)
  Asmodeus (Geh:7)
  Mnoleg (Pan)
  the Serpent of Hell (Geh:7)
  A seraph (Pan)
  Lom Lobon (Pan)
  10 dread liches
  Dispater (Dis:7)
  8 ancient liches
  2 orbs of fire (Zot:5)
  3 juggernauts (Dis:7)
  23 royal mummies
  16 shard shrikes
  Frederick (Crypt:1)
  Boris (Vaults:5)
  6 Killer Klowns
  28 caustic shrikes
  Geryon (Hell)
  10 golden dragons
  2 pearl dragons (Pan)
  20 profane servitors
  11 bone dragons
  2 electric golems
  7 Brimstone Fiends
  12 doom hounds
  3 pandemonium lords
  2 spectral shard shrikes
  24 Tzitzimimeh
  6 iron giants
  13 tentacled monstrosities
  6 hellephants
  14 Hell Sentinels
  15 tainted leviathans
  7 liches
  16 Ice Fiends
  22 Orb Guardians
  16 searing wretches
  A deep elf blademaster (Elf:3)
  6 death cobs
  22 ancient champions
  14 titans
  7 tentacled starspawn
  An eldritch tentacle (Dis:5)
  7 quicksilver dragons
  9 Executioners (Pan)
  11 sphinxes
  3 tengu reavers
  15 storm dragons
  12 draconian monks
  20 daevas
  Donald (Crypt:1)
  10 shadow dragons
  9 draconian knights
  5 revenants
  15 fire giants
  12 narguns
  13 frost giants
  9 draconian scorchers
  12 quicksilver elementals
  7 iron dragons
  3 spectral caustic shrikes
  Aizul (Vaults:3)
  4 ghost moths
  12 vault wardens
  4 deep elf sorcerers
  9 cacodemons (Pan)
  34 balrugs
  A deep elf elementalist (Elf:3)
  4 curse skulls
  8 shard shrike simulacra
  7 draconian stormcallers
  7 ghouls
  20 angels (Pan)
  17 ironbound preservers
  3 demonspawn blood saints (Pan)
  2 juggernaut zombies
  19 stone giants
  4 demonspawn corrupters (Pan)
  8 draconian shifters
  16 reapers
  41 war gargoyles
  14 draconian annihilators
  31 very ugly things
  17 green draconians
  24 elemental wellsprings
  23 apis (Pan)
  A starflower (Abyss:4)
  4 vampire knights
  3 lorocyprocas
  4 deep elf demonologists
  5 bennus
  9 black draconians
  5 ironbound thunderhulks
  17 ophanim (Pan)
  2 demonspawn black suns (Pan)
  7 dire elephants
  22 putrid mouths
  12 purple draconians
  13 red draconians
  11 white draconians
  3 spark wasps
  12 yellow draconians
  7 deep elf annihilators
  19 wendigos
  A spectral titan (Crypt:3)
  A crystal guardian (Vaults:4)
  7 eidola
  10 blizzard demons
  2 merfolk impalers
  11 green deaths
  10 deep elf death magi
  27 mummy priests
  2 spectral quicksilver dragons (Crypt:3)
  A merfolk javelineer (Shoals:4)
  4 fire dragons
  8 yaktaur captains
  19 iron golems
  A quicksilver dragon zombie (Depths:2)
  3 great orbs of eyes
  3 jiangshi
  3 deep elf high priests
  8 ettins
  A spriggan zombie (Crypt:1)
  23 vault guards
  2 spectral spriggans
  A spectral tengu (Crypt:3)
  2 peacekeepers
  9 ice dragons
  5 juggernaut simulacra
  7 salamander tyrants (Geh:7)
  8 caustic shrike simulacra
  6 hell beasts
  6 ironbound frosthearts
  3 spriggan air magi
  3 spriggan skeletons
  2 satyrs (Shoals:4)
  A merfolk aquamancer (Shoals:2)
  3 death knights
  18 dancing weapons
  6 stokers
  27 hell hogs
  An azure jelly zombie (Crypt:2)
  2 deep troll shamans
  8 tengu warriors
  36 death scarabs (Tomb:3)
  6 deep troll earth magi
  6 vampire magi
  4 spectral dire elephants
  4 hell knights (Hell)
  5 spriggan berserkers
  6 thrashing horrors
  2 titan zombies (Depths:2)
  3 spectral storm dragons (Crypt:3)
  47 sun demons
  3 shock serpents (Pan)
  19 soul eaters
  A titan skeleton (Tomb:1)
  6 deep elf knights
  15 crystal echidnas
  A salamander mystic (Depths:3)
  A spectral bunyip (Tar:2)
  21 shadow wraiths
  An iron giant zombie (Crypt:2)
  A ghost moth zombie (Crypt:2)
  47 deep trolls
  18 skeletal warriors
  2 wretched stars
  14 sixfirhies
  2 sea snakes (Shoals:4)
  A death drake (shapeshifter) (Elf:3)
  7 quicksilver dragon simulacra
  A golden dragon zombie (Depths:1)
  8 iron trolls
  A storm dragon skeleton (Depths:2)
  2 lindwurms (Vaults:2)
  3 shadow demons
  A spectral iron dragon (Crypt:3)
  8 spriggan simulacra
  15 phantasmal warriors
  8 flayed ghosts
  A swamp dragon (Zot:1)
  17 ironbound convokers
  A fenstrider witch simulacrum (Coc:2)
  3 bog bodies (Crypt:1)
  A tengu zombie (Depths:2)
  14 wizards
  13 cherubim
  A spectral hydra (Tar:4)
  A golden dragon skeleton (Depths:2)
  2 deep elf archers (Elf:2)
  A harpy (Vaults:2)
  A goliath frog zombie (Crypt:1)
  6 necromancers
  16 deep elf pyromancers
  20 deep elf zephyrmancers
  An orc knight (Vaults:5)
  2 stone giant zombies (Depths:2)
  A fire giant zombie (Crypt:3)
  2 orc sorcerers (Depths:2)
  A shadow dragon skeleton (Crypt:2)
  A salamander (shapeshifter) (Depths:3)
  24 ugly things
  2 salamanders (Depths:3)
  6 manticores (Shoals:4)
  2 worldbinders
  A dire elephant zombie (Abyss:2)
  6 spectral centaurs
  18 moths of wrath
  A goliath frog skeleton (Crypt:3)
  2 merfolk sirens (Shoals:4)
  A centaur zombie (Tomb:3)
  23 smoke demons
  An apocalypse crab (Abyss:4)
  8 molten gargoyles (Geh:7)
  An ice statue (Coc:7)
  A sphinx skeleton (Crypt:2)
  12 vault sentinels
  8 rust devils
  5 unseen horrors (Tar:7)
  5 titan simulacra
  45 hellions
  8 orange demons
  A white draconian zombie (Crypt:1)
  2 dire elephant skeletons
  2 catoblepas zombies (Crypt:3)
  18 freezing wraiths
  A rime drake (Zot:1)
  A redback zombie (Crypt:1)
  29 yaktaurs
  7 demonic crawlers
  3 bunyip simulacra
  A centaur skeleton (Hell)
  6 ice devils
  6 tengu conjurers
  18 tormentors
  4 anaconda simulacra
  53 guardian mummies
  An alligator snapping turtle skeleton (Crypt:1)
  A spectral naga (Tar:2)
  A black draconian skeleton (Crypt:3)
  13 hellwings
  9 efreet
  4 iron giant simulacra
  A harpy zombie (Hell)
  8 ancient zymes
  A red devil (Depths:2)
  3 spectral harpies (Crypt:3)
  4 nameless horrors
  3 silent spectres
  A sea snake skeleton (Crypt:2)
  3 merfolk
  3 harpy skeletons
  A wind drake (Shoals:4)
  A tarantella (Spider:1)
  An ettin zombie (Hell)
  13 raiju (Abyss:4)
  14 slime creatures
  A human simulacrum (Crypt:3)
  3 stone giant simulacra
  5 iron dragon simulacra
  A boulder beetle zombie (Crypt:2)
  29 flying skulls
  A black mamba zombie (Crypt:3)
  A jumping spider (Vaults:4)
  19 starcursed masses
  16 ynoxinuls
  6 wraiths
  6 naga simulacra
  15 ushabtiu
  3 water elementals (Shoals:4)
  19 large abominations
  5 dire elephant simulacra
  3 fire bats (Pan)
  13 chaos spawn
  6 small abominations
  A fire elemental (Elf:3)
  A redback (shapeshifter) (Elf:3)
  14 neqoxecs
  A naga zombie (Tomb:3)
  A redback (Vaults:1)
  A fire bat zombie (Crypt:1)
  2 hydra simulacra
  12 harpy simulacra
  An acid dragon (Zot:1)
  3 hell hounds (Pan)
  A deep troll skeleton (Crypt:3)
  A floating eye (shapeshifter) (Elf:2)
  A glowing shapeshifter skeleton (Vaults:1)
  5 ettin simulacra
  An eye of devastation zombie (Crypt:1)
  5 necrophages
  A rime drake skeleton (Crypt:1)
  2 earth elementals
  A polar bear skeleton (Crypt:2)
  A howler monkey (D:7)
  A quasit (Abyss:2)
  An iron imp (Abyss:4)
  5 hell rats
  A sky beast zombie (Crypt:1)
  A hound zombie (Crypt:1)
  37 mummies
  2 shadow imps
  3 ufetubi
  An orc (D:4)
  An endoplasm (D:2)
  A hobgoblin (D:1)
  3 kobolds (D:11)
  A ball python (D:4)
  A bat (D:3)
  A giant cockroach zombie (Crypt:1)
  A hobgoblin skeleton (Crypt:2)
  9 creeping infernos
  30 fire vortices
  A lurking horror (Abyss:4)
  5 starspawn tentacles
2454 creatures vanquished.

Vanquished Creatures (collateral kills)
  Gloorx Vloq (Pan)
  Ereshkigal (Tar:7)
  2 ancient liches
  A dread lich (Geh:4)
  2 orbs of fire
  2 juggernauts (Depths:4)
  A pandemonium lord (Pan)
  A Killer Klown (Zot:5)
  4 royal mummies
  3 shard shrikes
  8 caustic shrikes
  Nikola (Shoals:4)
  3 bone dragons
  2 profane servitors
  A doom hound (Tar:4)
  2 Brimstone Fiends
  4 Tzitzimimeh
  An electric golem (Zot:5)
  2 hellephants
  A tentacled monstrosity (Zot:1)
  2 iron giants
  Mlioglotl (Shoals:2)
  3 searing wretches
  A Hell Sentinel (Dis:7)
  6 Ice Fiends
  7 Orb Guardians (Zot:5)
  10 tainted leviathans
  2 titans
  2 deep elf master archers (Elf:3)
  A deep elf blademaster (Elf:2)
  Asterion (Elf:2)
  5 ancient champions
  Polyphemus (Shoals:3)
  5 eldritch tentacles
  A kraken (Shoals:2)
  A quicksilver dragon (Vaults:5)
  An Executioner (Pan)
  2 shadow dragons
  3 storm dragons
  2 vault wardens
  3 draconian knights
  5 fire giants
  A nargun (Coc:7)
  2 quicksilver elementals (Dis:4)
  2 deep elf sorcerers (Elf:3)
  A frost giant (Coc:5)
  A revenant (Crypt:3)
  4 draconian scorchers
  5 emperor scorpions
  5 spectral juggernauts
  7 balrugs
  2 cacodemons (Pan)
  2 orc warlords
  Louise (Spider:3)
  2 shard shrike simulacra
  6 ghost moths
  A draconian shifter (Zot:2)
  2 spectral caustic shrikes
  2 deep elf elementalists (Elf:3)
  3 ghouls (Crypt:1)
  5 ironbound preservers
  2 draconian annihilators
  6 very ugly things
  4 stone giants
  2 broodmothers
  A reaper (Tar:4)
  The ghost of ratmagoo the Carver, a journeyman MfGl of Ashenzari (D:11)
  An angel (Pan)
  A juggernaut skeleton (Depths:2)
  A bennu (Tomb:3)
  2 green draconians
  4 elemental wellsprings
  2 black draconians (Zot:1)
  2 putrid mouths
  9 war gargoyles
  A demonspawn black sun (Pan)
  An ironbound thunderhulk (Vaults:1)
  3 deep elf demonologists (Elf:3)
  10 entropy weavers
  Nessos (D:12)
  A lorocyproca (Pan)
  A yellow draconian (Depths:4)
  4 white draconians
  8 dire elephants
  2 purple draconians (Zot:5)
  4 red draconians
  2 wendigos
  3 deep elf annihilators (Elf:3)
  A minotaur (Gauntlet)
  5 spark wasps
  5 merfolk javelineers
  A green death (Pan)
  Snorg (D:11)
  4 eidola
  A blizzard demon (Pan)
  A mummy priest (Tomb:1)
  3 iron golems
  A spectral iron giant (Tar:2)
  A great orb of eyes (D:14)
  2 ettins
  4 merfolk impalers
  A spectral golden dragon (Tar:4)
  2 spectral spriggans
  4 yaktaur captains
  A deep elf high priest (Elf:3)
  2 spriggan air magi
  A juggernaut simulacrum (Pan)
  Erolcha (D:12)
  4 ice dragons
  An ironbound frostheart (Vaults:1)
  2 boulder beetles
  A salamander tyrant (Geh:1)
  2 caustic shrike simulacra (Coc:7)
  A merfolk avatar (Shoals:1)
  A peacekeeper (Vaults:1)
  A radroach (Spider:4)
  2 alligator snapping turtles
  A two-headed ogre (shapeshifter) (Depths:2)
  A jorogumo (Spider:2)
  6 death yaks
  6 merfolk aquamancers
  4 centaur warriors
  7 two-headed ogres
  3 catoblepae
  2 hydras
  Erica (Lair:1)
  7 vault guards
  2 death knights (Crypt:1)
  17 dancing weapons (Elf:2)
  2 satyrs (Shoals:3)
  6 death scarabs (Tomb:3)
  4 tengu warriors
  8 hell hogs
  A deep troll earth mage (Depths:1)
  4 orc high priests
  A vampire mage (D:15)
  2 spriggan berserkers (Depths:2)
  Urug (D:12)
  A spectral naga (Tar:3)
  A spectral dire elephant (Tar:3)
  Nergalle (D:12)
  Sonja (D:11)
  8 sun demons (Pan)
  3 hell knights (Hell)
  8 deep elf knights
  7 skeletal warriors
  3 shadow wraiths (Tar:7)
  A sixfirhy (Pan)
  A wretched star (Abyss:2)
  Lodul (D:11)
  5 pharaoh ants
  18 deep trolls
  2 spark wasp zombies (D:15)
  A sun moth (Spider:3)
  An iron troll (Depths:1)
  3 sea snakes
  7 orb spiders
  A quicksilver dragon simulacrum (Coc:6)
  7 steelbarb worms
  4 flayed ghosts
  A golden dragon zombie (D:15)
  3 deep elf archers
  2 spectral iron dragons (Tar:1)
  A lindwurm (shapeshifter) (D:15)
  An ironbound convoker (Vaults:1)
  2 necromancers
  4 phantasmal warriors
  2 wizards
  A lindwurm (Vaults:2)
  6 deep elf zephyrmancers (Elf:2)
  A spriggan simulacrum (Coc:5)
  9 deep elf pyromancers
  A stone giant zombie (Depths:1)
  4 orc knights (Orc:2)
  6 orc sorcerers (Orc:2)
  16 harpies
  11 manticores
  15 fauns
  19 ugly things
  3 cyclopes
  5 slime creatures
  22 wolf spiders
  4 moths of wrath
  A water nymph (Shoals:4)
  2 black mambas
  A frost giant skeleton (D:15)
  8 vault sentinels
  10 elephants
  A black mamba (shapeshifter) (D:15)
  5 merfolk sirens
  A titan simulacrum (Coc:7)
  A torpor snail (Spider:3)
  11 cane toads
  An unseen horror (D:10)
  2 orange demons
  9 demonic crawlers
  7 rime drakes
  2 gargoyles
  5 yaktaurs
  3 hellions
  2 kobold demonologists
  2 tormentors
  An ice devil (Hell)
  4 freezing wraiths
  4 tengu conjurers
  7 komodo dragons
  A spectral two-headed ogre (Crypt:3)
  2 efreet (D:14)
  A yaktaur zombie (Vaults:1)
  An anaconda simulacrum (Coc:2)
  A spectral deep troll (Tar:2)
  5 guardian mummies
  2 spectral harpies
  An ancient zyme (Abyss:4)
  A yaktaur skeleton (Vaults:1)
  2 hellwings (Pan)
  An iron giant simulacrum (Coc:5)
  19 merfolk
  7 trolls
  3 meliai (D:14)
  8 polar bears
  23 tarantellas
  A wind drake (Shoals:2)
  22 blink frogs
  A harpy skeleton (Tomb:3)
  A raiju (Abyss:4)
  12 hornets
  A spriggan zombie (Depths:1)
  6 snapping turtles
  A spectral black mamba (Crypt:3)
  46 jumping spiders
  18 dream sheep
  20 culicivoras
  A centaur simulacrum (D:15)
  A shapeshifter (Shoals:1)
  11 spriggans (Lair:5)
  2 shadows
  4 wraiths
  An air elemental (Elf:2)
  2 vampires
  A ynoxinul (Pan)
  5 water elementals
  38 yaks
  A yak (shapeshifter) (Spider:3)
  3 wyverns
  A naga simulacrum (Coc:7)
  2 fire bats (Gauntlet)
  Eustachio (D:5)
  2 dire elephant simulacra
  A fire elemental (Elf:2)
  6 basilisks
  2 hogs (D:12)
  Grum (D:10)
  A neqoxec (Pan)
  2 steam dragons
  64 redbacks
  A vampire mosquito (D:11)
  Menkaure (D:5)
  4 harpy simulacra
  7 wargs
  2 acid dragons
  11 water moccasins
  3 hell hounds (Gauntlet)
  6 large abominations
  33 orc warriors
  6 black bears
  15 boggarts
  A centaur (D:14)
  2 ettin simulacra
  19 ogres
  25 wolves
  6 nameless horrors
  3 kobold brigands
  8 bullfrogs
  2 scorpions
  3 necrophages
  A gnoll sergeant (D:9)
  An earth elemental (Elf:2)
  6 wights (D:8)
  A killer bee (D:9)
  2 howler monkeys
  2 electric eels
  An iron imp (D:8)
  35 orc priests
  A hound (D:4)
  2 jellies
  2 iguanas (D:4)
  Natasha (twice) (D:3)
  17 orc wizards
  A mummy (Tomb:3)
  10 gnolls
  7 adders
  2 shadow imps
  2 worms (D:2)
  4 dart slugs
  114 orcs
  12 endoplasms
  2 giant cockroaches
  7 goblins
  4 hobgoblins
  2 jackals (D:3)
  A quokka (D:4)
  5 ball pythons
  3 bats
  3 frilled lizards
  17 kobolds
  2 rats
  4 fire vortices
  A starspawn tentacle (Abyss:2)
  4 tentacles (Shoals:2)
1496 creatures vanquished.

Vanquished Creatures (others)
  An ancient lich (Zot:4)
  Rupert (D:12)
  195 eldritch tentacles
  Kirke (D:12)
  2 azure jellies
  A ghost moth (Zot:4)
  2 shard shrike simulacra
  2 very ugly things (Pan)
  An entropy weaver (Spider:2)
  An iron golem (Dis:5)
  A deep elf high priest (Vaults:5)
  A merfolk impaler (Shoals:1)
  5 great orbs of eyes
  A vault guard (D:14)
  2 hydras
  A caustic shrike simulacrum (Coc:3)
  A merfolk aquamancer (Shoals:2)
  A jorogumo (Spider:3)
  A radroach (Spider:4)
  A stoker (Geh:6)
  A death scarab (Tomb:3)
  3 two-headed ogres (D:8)
  A death yak (Lair:5)
  An orc high priest (Orc:2)
  A deep elf knight (Elf:2)
  Amaemon (Lair:1)
  2 sixfirhies (Pan)
  A sea snake (Shoals:2)
  A wizard (Depths:2)
  A cherub (Pan)
  A steelbarb worm (shapeshifter) (Vaults:5)
  A spriggan simulacrum (Coc:6)
  A necromancer (Hell)
  A deep elf pyromancer (Elf:1)
  2 wolf spiders
  4 ugly things
  A faun (Shoals:3)
  2 shining eyes (Pan)
  A manticore (D:13)
  3 elephants
  A merfolk siren (Shoals:2)
  A black mamba (Lair:4)
  A water nymph (Shoals:2)
  A cane toad (Lair:4)
  A dire elephant skeleton (Abyss:2)
  A torpor snail (Spider:4)
  2 komodo dragons (Lair:4)
  Maggie (Lair:1)
  2 demonic crawlers
  Psyche (D:9)
  A rime drake (Lair:5)
  A yaktaur (shapeshifter) (Abyss:2)
  3 trolls
  A guardian mummy (Tomb:1)
  5 merfolk
  A wind drake (shapeshifter) (Vaults:5)
  3 tarantellas
  5 blink frogs
  A raiju (Abyss:4)
  6 slime creatures
  A dream sheep (Lair:5)
  2 jumping spiders
  2 spriggans (Lair:5)
  3 culicivoras
  A ynoxinul (Pan)
  16 yaks
  A flying skull (Abyss:2)
  3 water elementals
  A fire bat (Pan)
  A hog (D:12)
  2 wyverns
  12 golden eyes
  A chaos spawn (Abyss:2)
  2 neqoxecs (Pan)
  2 redbacks (Spider:4)
  2 vampire mosquitoes (D:12)
  2 floating eyes
  3 wargs (D:11)
  An acid dragon (D:10)
  A water moccasin (D:7)
  A floating eye (shapeshifter) (Vaults:5)
  3 swamp worms (Gauntlet)
  8 orc warriors
  A sky beast (D:8)
  An ettin simulacrum (Coc:3)
  A black bear (D:5)
  2 ogres
  2 wolves (Lair:5)
  A boggart (D:15)
  4 centaurs
  A gnoll sergeant (D:9)
  A small abomination (Abyss:2)
  A scorpion (D:5)
  A naga simulacrum (Coc:7)
  10 killer bees
  5 starcursed masses (Abyss:2)
  A gnoll bouda (D:7)
  255 jellies
  A hound (D:7)
  A black bear skeleton (Crypt:3)
  2 iguanas
  An orc wizard (D:12)
  5 gnolls
  An adder (D:5)
  2 ufetubi (Abyss:2)
  3 endoplasms (Abyss:2)
  3 orcs (Orc:2)
  2 bushes (Lair:5)
  A butterfly (D:13)
  4 demonic plants (Gauntlet)
  2 fire vortices
  37 fungi
  111 plants
  21 starspawn tentacles
  6 tentacles (Shoals:2)
  3 withered plants (D:15)
855 creatures vanquished.

Grand Total: 4805 creatures vanquished

Notes
Turn   | Place    | Note
-------+----------+-------------------------------------------
     0 | D:1      | FexLirch the Felid Summoner began the quest for the Orb.
     0 | D:1      | Reached XP level 1. HP: 7/7 MP: 4/4
   384 | D:1      | Reached XP level 2. HP: 11/11 MP: 3/6
   387 | D:1      | Learned a level 2 spell: Call Imp
  1321 | D:2      | Reached XP level 3. HP: 14/14 MP: 1/8
  1325 | D:2      | Learned a level 3 spell: Call Canine Familiar
  1562 | D:2      | Found an ornate altar of the Wu Jian Council.
  1644 | D:2      | Noticed a black bear
  1793 | D:3      | Reached XP level 4. HP: 18/18 MP: 1/9
  1966 | D:2      | Reached skill level 5 in Summonings
  1985 | D:2      | Found a faded altar of an unknown god.
  2294 | D:2      | Learned a level 3 spell: Summon Guardian Golem
  2324 | D:2      | Killed a black bear
  2325 | D:2      | Reached skill level 1 in Fighting
  2325 | D:2      | Reached skill level 1 in Hexes
  2325 | D:2      | Reached XP level 5. HP: 22/22 MP: 1/11
  2398 | D:3      | Noticed Natasha
  2434 | D:3      | Killed Natasha
  2547 | D:3      | Noticed Natasha
  2635 | D:3      | Identified the +0 robe of an ice cave {Int+2 Stlth+}
  3251 | D:4      | Found a staircase to the Ecumenical Temple.
  3269 | Temple   | Entered the Ecumenical Temple
  3356 | D:4      | Found an iron altar of Okawaru.
  3358 | D:4      | Found a basalt altar of Yredelemnul.
  3383 | D:4      | Gained mutation: You are covered in thick fur. (AC +2)
                  | [Felid growth]
  3383 | D:4      | Reached XP level 6. HP: 25/25 MP: 8/12
  3781 | D:3      | Killed Natasha
  4031 | D:4      | Learned a level 4 spell: Summon Lightning Spire
  4407 | D:5      | Entered Level 5 of the Dungeon
  4407 | D:5      | Noticed Menkaure
  4848 | D:5      | Reached XP level 7. HP: 30/30 MP: 14/14
  5358 | D:5      | Reached skill level 5 in Dodging
  5928 | D:5      | Noticed Eustachio
  5937 | D:5      | Noticed a shadow
  5938 | D:5      | Found a shadowy altar of Dithmenos.
  5940 | D:5      | Found a hazy altar of Hepliaklqana.
  6114 | D:6      | Found an ancient bone altar of Kikubaaqudgha.
  6184 | D:6      | Reached skill level 5 in Hexes
  6184 | D:6      | Reached XP level 8. HP: 34/34 MP: 16/16
  6281 | D:6      | Found an ornate altar of the Wu Jian Council.
  6519 | D:7      | Reached skill level 5 in Spellcasting
  6519 | D:7      | Reached skill level 1 in Air Magic
  6707 | D:7      | Found a shimmering altar of Xom.
  6791 | D:7      | Found a shimmering blue altar of Sif Muna.
  6796 | D:7      | Found a sacrificial altar of Ru.
  6801 | D:7      | Found an opulent altar of Gozag.
  6805 | D:7      | Became a worshipper of Gozag Ym Sagoz the Greedy
  7054 | D:5      | Killed Eustachio
  7237 | D:5      | Killed Menkaure
  7309 | D:8      | Noticed a two-headed ogre
  7325 | D:8      | Killed a two-headed ogre
  7326 | D:8      | Reached skill level 5 in Fighting
  7326 | D:8      | Reached XP level 9. HP: 40/40 MP: 18/18
  7381 | D:8      | Noticed a two-headed ogre
  7390 | D:8      | Killed a two-headed ogre
  7402 | D:8      | Noticed a two-headed ogre
  7417 | D:8      | Reached XP level 10. HP: 42/45 MP: 13/20
  7420 | D:8      | Killed a two-headed ogre
  7524 | D:8      | Noticed a two-headed ogre
  7533 | D:8      | Killed a two-headed ogre
  7534 | D:8      | Reached skill level 5 in Air Magic
  7634 | D:8      | Found a glowing silver altar of Zin.
  7854 | D:8      | Found a snail-covered altar of Cheibriados.
  8107 | D:8      | Found Jaobrogo's Antique Armour Boutique.
  8234 | D:9      | Noticed Psyche
  8268 | D:9      | Found a staircase to the Lair.
  8317 | D:9      | Killed Psyche
  8545 | D:9      | Learned a level 6 spell: Summon Cactus Giant
  8548 | D:9      | Learned a level 2 spell: Blink
  8615 | D:9      | Reached skill level 1 in Translocations
  8617 | D:9      | Reached skill level 10 in Dodging
  8624 | D:9      | Reached XP level 11. HP: 50/50 MP: 13/23
  9275 | D:10     | Entered Level 10 of the Dungeon
  9373 | D:10     | Found a stormy altar of Qazlal.
  9624 | D:10     | Noticed Grum
  9633 | D:10     | Killed Grum
  9850 | D:10     | Found a blossoming altar of Fedhas.
  9946 | D:10     | Found a sparkling altar of Nemelex Xobeh.
 10631 | D:11     | Noticed a brown ugly thing
 10652 | D:11     | Killed a brown ugly thing
 10740 | D:11     | Found a runed translucent gate.
 10741 | D:11     | Found a runed translucent gate.
 10742 | D:11     | Found a runed translucent gate.
 10742 | D:11     | Noticed ratmagoo's ghost (journeyman MfGl)
 10882 | D:11     | Reached skill level 5 in Translocations
 10964 | D:11     | Found a staircase to the Orcish Mines.
 11001 | D:11     | You fall into a shaft and drop 1 floor!
 11004 | D:12     | Noticed a two-headed ogre
 11005 | D:12     | Noticed a purple ugly thing
 11148 | D:11     | Noticed Lodul
 11216 | D:11     | Killed Lodul
 11240 | D:11     | Noticed Snorg
 11400 | D:11     | Killed Snorg
 11427 | D:11     | Noticed a sun demon
 11431 | D:11     | Noticed a sixfirhy
 11641 | D:11     | Noticed Sonja
 11742 | D:11     | Killed Sonja
 11743 | D:11     | Reached skill level 10 in Summonings
 11743 | D:11     | Gained mutation: Your thick and shaggy fur keeps you warm.
                  | (AC +3, rC+) [Felid growth]
 11743 | D:11     | Reached XP level 12. HP: 43/56 MP: 17/25
 12384 | D:12     | Noticed Urug
 12598 | D:12     | Killed Urug
 12666 | D:12     | Killed a two-headed ogre
 12967 | D:12     | Noticed Rupert
 13065 | D:12     | Noticed Kirke
 13205 | D:12     | Killed Kirke
 13208 | D:12     | Noticed Nessos
 13521 | D:12     | HP: 1/57 [Nessos/arrow (7)]
 13527 | D:12     | Shot with an arrow by Nessos
 13528 | D:12     | Reached XP level 11. HP: -20/53 MP: 17/25
 13778 | D:12     | Noticed a cyan ugly thing
 13778 | D:12     | Found a portal to a secret trove of treasure.
 13793 | D:12     | Killed a cyan ugly thing
 14149 | D:13     | Noticed a centaur warrior
 14161 | D:13     | Killed a centaur warrior
 14224 | D:13     | Noticed a centaur warrior
 14252 | D:13     | Noticed a brown ugly thing
 14358 | D:13     | Noticed a six-headed hydra
 14368 | D:13     | Killed a six-headed hydra
 14369 | D:13     | Reached XP level 12. HP: 58/58 MP: 20/26
 14389 | D:13     | Found a white marble altar of Elyvilon.
 14900 | D:14     | Reached skill level 10 in Fighting
 14939 | D:14     | Noticed a centaur warrior
 15293 | Lair:1   | Entered Level 1 of the Lair of Beasts
 15594 | Lair:1   | Noticed Amaemon
 15616 | Lair:1   | Killed Amaemon
 15617 | Lair:1   | Reached skill level 10 in Spellcasting
 15725 | Lair:1   | Noticed Maggie
 15737 | Lair:1   | Killed Maggie
 16108 | Lair:1   | Noticed Erica
 16114 | Lair:1   | Killed Erica
 16215 | Lair:1   | Bought a Grand Grimoire for 408 gold pieces
 16513 | Lair:2   | Found a staircase to the Shoals.
 16747 | Lair:2   | Found a hole to the Spider Nest.
 16982 | Lair:3   | Noticed a catoblepas
 17016 | Lair:3   | Killed a catoblepas
 17027 | Lair:3   | Found a gate leading to a gauntlet.
 17036 | Lair:3   | Noticed a seven-headed hydra
 17040 | Gauntlet | Entered a Gauntlet
 17040 | Gauntlet | Found a transporter.
 17040 | Gauntlet | Found a transporter.
 17058 | Gauntlet | Found a transporter.
 17062 | Gauntlet | Found a transporter.
 17070 | Gauntlet | Found a transporter.
 17074 | Gauntlet | Found a transporter.
 17083 | Gauntlet | Found a transporter.
 17099 | Gauntlet | Found a transporter.
 17102 | Gauntlet | Noticed a hell hog
 17114 | Gauntlet | Found a transporter.
 17118 | Gauntlet | Found a transporter.
 17126 | Gauntlet | Found a transporter.
 17130 | Gauntlet | Found a transporter.
 17381 | Gauntlet | Identified the amulet of Miracles {Faith +Blink rN+}
 17388 | Gauntlet | Killed a hell hog
 17406 | Gauntlet | Reached XP level 13. HP: 47/63 MP: 5/28
 17499 | Gauntlet | Noticed a minotaur
 17524 | Gauntlet | Killed a minotaur
 17527 | Gauntlet | Got the Omnibus of the Thirteen Knives
 18757 | Lair:3   | Bought a scroll of blinking for 120 gold pieces
 18757 | Lair:3   | Bought a scroll of amnesia for 64 gold pieces
 19032 | Lair:4   | Reached skill level 15 in Dodging
 19073 | Lair:4   | Found a staircase to the Slime Pits.
 19074 | Lair:4   | Found a viscous altar of Jiyva.
 20182 | Lair:5   | Entered Level 5 of the Lair of Beasts
 20501 | Lair:5   | Reached XP level 14. HP: 69/69 MP: 19/29
 20748 | Lair:5   | Reached skill level 10 in Translocations
 21625 | Lair:5   | Bought a book of the Earth for 576 gold pieces
 21856 | Lair:5   | Reached skill level 1 in Transmutations
 21950 | Lair:5   | Reached skill level 1 in Earth Magic
 22578 | Lair:5   | Learned a level 7 spell: Malign Gateway
 22777 | D:11     | Killed ratmagoo's ghost
 22894 | Orc:1    | Entered Level 1 of the Orcish Mines
 23503 | Orc:2    | Entered Level 2 of the Orcish Mines
 24125 | Orc:2    | Found Mouculof's Jewellery Boutique.
 24450 | Orc:2    | Found Pudeneli's Jewellery Shop.
 25001 | Orc:2    | Reached XP level 15. HP: 73/73 MP: 30/30
 25220 | Orc:2    | Noticed an orc warlord
 25225 | Orc:2    | Killed an orc warlord
 25739 | Orc:2    | Found Boerhacar's Armour Boutique.
 25970 | Orc:2    | Found Zoiger's Antique Armour Emporium.
 26211 | Orc:2    | Found a staircase to the Elven Halls.
 26765 | Orc:2    | Bought a ring of poison resistance for 300 gold pieces
 26775 | Orc:2    | Bought a ring of resist corrosion for 280 gold pieces
 26775 | Orc:2    | Bought a ring of protection from fire for 350 gold pieces
 26777 | Orc:2    | Bought a scroll of fog for 72 gold pieces
 26777 | Orc:2    | Bought a scroll of blinking for 135 gold pieces
 27830 | D:14     | Found a gate to the Vaults.
 27883 | D:14     | Reached skill level 5 in Transmutations
 28275 | D:15     | Entered Level 15 of the Dungeon
 28324 | D:15     | Found a staircase to the Depths.
 28444 | D:15     | Found Vuot's Antique Weapon Emporium.
 28994 | D:15     | Found a stormy altar of Qazlal.
 29245 | D:12     | Killed Nessos
 29377 | D:12     | Identified the +2 pair of boots of Awe {Slay+2}
 29473 | D:12     | Noticed Erolcha
 29487 | D:12     | Noticed Nergalle
 29492 | D:12     | Killed Nergalle
 29497 | D:12     | Killed Erolcha
 29498 | D:12     | Reached skill level 5 in Earth Magic
 29523 | D:12     | Killed Rupert
 29745 | Lair:2   | Bought a manual of Dodging for 1360 gold pieces
 29753 | Lair:2   | Learned a level 6 spell: Dispersal
 29754 | Spider:1 | Entered Level 1 of the Spider Nest
 30142 | Spider:1 | Reached XP level 16. HP: 76/79 MP: 31/31
 31116 | Spider:1 | Learned a level 1 spell: Apportation
 33104 | Spider:3 | Paralysed by a jorogumo for 1 turns
 33610 | Spider:3 | Noticed Louise
 33634 | Spider:3 | Killed Louise
 33708 | Spider:3 | Reached skill level 15 in Translocations
 34567 | Spider:3 | Reached skill level 10 in Transmutations
 34733 | Spider:4 | Entered Level 4 of the Spider Nest
 34759 | Spider:4 | Mangled by an eldritch tentacle
 34760 | Spider:4 | Reached XP level 15. HP: -11/76 MP: 4/30
 35002 | Spider:4 | Reached XP level 16. HP: 68/80 MP: 19/31
 35797 | Spider:4 | Slain by a wolf spider
 35798 | Spider:4 | Reached XP level 15. HP: -3/76 MP: 17/30
 36171 | Spider:4 | Noticed an emperor scorpion
 36171 | Spider:4 | Noticed an emperor scorpion
 36171 | Spider:4 | Noticed an emperor scorpion
 36214 | Spider:4 | Killed an emperor scorpion
 36290 | Spider:4 | Killed an emperor scorpion
 36349 | Spider:4 | Killed an emperor scorpion
 36394 | Spider:4 | Got a gossamer rune of Zot
 36817 | Lair:2   | Bought the Almanac of the Zephyr for 782 gold pieces
 36859 | Shoals:1 | Entered Level 1 of the Shoals
 37438 | Shoals:1 | Reached skill level 15 in Fighting
 37935 | Shoals:2 | Noticed Mlioglotl
 37940 | Shoals:2 | Noticed a tentacled starspawn
 37942 | Shoals:2 | Killed Mlioglotl
 38332 | Shoals:2 | Reached XP level 16. HP: 81/81 MP: 24/31
 38345 | Shoals:2 | Noticed a kraken
 38367 | Shoals:2 | Killed a kraken
 38622 | Shoals:2 | Identified the +2 leather armour of the Storm King {Contam
                  | Rampage rElec}
 38892 | Shoals:2 | Reached skill level 10 in Air Magic
 40853 | Shoals:3 | Noticed Polyphemus
 40936 | Shoals:3 | Killed Polyphemus
 41037 | Shoals:4 | Entered Level 4 of the Shoals
 41037 | Shoals:4 | Noticed Nikola
 41073 | Shoals:3 | Learned a level 7 spell: Storm Form
 41080 | Shoals:3 | Learned a level 5 spell: Manifold Assault
 42112 | Shoals:4 | Reached skill level 1 in Unarmed Combat
 42288 | Shoals:4 | Got a barnacled rune of Zot
 42302 | Shoals:4 | Reached XP level 17. HP: 85/85 MP: 27/32
 42439 | Shoals:4 | Identified the ring of Qoitsec {Fire rElec rN+ MP+9 Int-5}
 42647 | Shoals:4 | Killed Nikola
 43057 | Elf:1    | Entered Level 1 of the Elven Halls
 43059 | Elf:1    | Reached XP level 18. HP: 89/89 MP: 22/33
 43589 | Elf:1    | Noticed an Ice Fiend
 43590 | Elf:1    | Noticed a Tzitzimitl
 43652 | Elf:1    | Got the Codex of the Escort
 44265 | Elf:1    | You are sucked into a shaft and drop 1 floor!
 44350 | Elf:2    | Found a runed translucent gate.
 44350 | Elf:2    | Found a runed translucent gate.
 44350 | Elf:2    | Found a runed translucent gate.
 44815 | Elf:2    | Reached skill level 5 in Unarmed Combat
 45220 | Elf:3    | Entered Level 3 of the Elven Halls
 45760 | Elf:3    | Found Udwusaco's Book Emporium.
 45761 | Elf:3    | Found Essaip's Jewellery Shop.
 45761 | Elf:3    | Found Onaun's Jewellery Shop.
 45778 | Elf:3    | Bought the amulet "Wubutes" {RegenMP rPois rC+ Slay+2} for
                  | 962 gold pieces
 45796 | Elf:3    | Bought the ring of Cynicism {rF+ Will+++ Dex-3} for 751
                  | gold pieces
 45915 | Elf:2    | Noticed Asterion
 45962 | Elf:2    | Identified a scroll of acquirement
 46032 | Elf:2    | Reached skill level 15 in Transmutations
 46147 | Elf:2    | Killed Asterion
 46334 | Elf:2    | Found Zaukh's Jewellery Shoppe.
 46335 | Elf:2    | Found Ozu Xud's Assorted Antiques.
 46335 | Elf:2    | Found Palaf's Antique Armour Emporium.
 46340 | Elf:2    | Found Uxemiun's Antique Weapon Emporium.
 46553 | Elf:1    | Found an ancient bone altar of Kikubaaqudgha.
 47238 | Elf:3    | Reached XP level 19. HP: 66/93 MP: 21/35
 47319 | Elf:3    | Identified the +7 great sword "Gonoerch" {protect, MP-9
                  | Dex+5}
 47324 | Elf:3    | Noticed a Brimstone Fiend
 47866 | Elf:3    | Identified the +1 scale mail of Nial {+Blink +Inv rF+}
 47878 | Elf:3    | Identified the +2 mace "Faivek" {drain, rC+ Int-3 Stlth+}
 48412 | Elf:3    | Bought a Necronomicon for 784 gold pieces
 48647 | Vaults:1 | Entered Level 1 of the Vaults
 50552 | Vaults:2 | Found Sybbi's Weapon Shop.
 50870 | Vaults:2 | Found Zuokhlema's Jewellery Shoppe.
 50870 | Vaults:2 | Found Guro's Magic Scroll Shoppe.
 50892 | Vaults:2 | Bought a scroll of magic mapping for 90 gold pieces
 50908 | Vaults:2 | Found Heczub's Antique Weapon Shoppe.
 51005 | Vaults:2 | Reached XP level 20. HP: 98/98 MP: 26/37
 52422 | Vaults:3 | Found Lohasch's Assorted Antiques.
 52453 | Vaults:3 | Found Vinguep's Antique Weapon Shoppe.
 52478 | Vaults:3 | Found Yjomett's Distillery.
 52513 | Vaults:3 | Found a staircase to the Crypt.
 52862 | Vaults:3 | Found Giorph's Antique Armour Emporium.
 53244 | Vaults:3 | Found Quefis's Antique Weapon Emporium.
 53246 | Vaults:3 | Noticed Aizul
 53257 | Vaults:3 | Killed Aizul
 53502 | Vaults:4 | Found Exkenon's Distillery.
 53516 | Vaults:4 | Found Pokeczis's General Store.
 53523 | Vaults:4 | Bought a scroll of amnesia for 80 gold pieces
 53523 | Vaults:4 | Bought a potion of heal wounds for 100 gold pieces
 54390 | Vaults:4 | Found Soazory's Magic Scroll Shop.
 54391 | Vaults:4 | Found Hiofugej's General Store.
 54397 | Vaults:4 | Bought a scroll of blinking for 142 gold pieces
 54397 | Vaults:4 | Bought a scroll of magic mapping for 142 gold pieces
 54835 | Vaults:4 | Reached skill level 10 in Unarmed Combat
 54936 | Vaults:4 | Found Nittipuc's Antique Weapon Emporium.
 55357 | Vaults:4 | Bought the ring of the Howling Jester {AC+4 Int+5 Dex+6}
                  | for 1255 gold pieces
 55523 | Vaults:2 | Bought the ring "Uhach" {rN+ Dex+4 SInv} for 484 gold
                  | pieces
 55850 | Lair:4   | Fell from the grace of Gozag
 55850 | Lair:4   | Became a worshipper of Jiyva Juofurph the Shapeless
 55853 | Slime:1  | Entered Level 1 of the Pits of Slime
 55880 | Slime:5  | Entered Level 5 of the Pits of Slime
 55976 | Slime:5  | Noticed the Royal Jelly
 55982 | Slime:5  | Found a viscous altar of Jiyva.
 55986 | Slime:5  | Found the +3 crown of Dyrovepreva {rElec Int+2 SInv}
 57089 | Vaults:3 | Learned a level 6 spell: Dispersal
 57091 | Crypt:1  | Entered Level 1 of the Crypt
 57295 | Vaults:3 | Reached XP level 21. HP: 43/104 MP: 33/38
 57591 | Crypt:1  | You are sucked into a shaft and drop 1 floor!
 57936 | Crypt:1  | Reached * piety under Jiyva
 57972 | Crypt:1  | Noticed Donald
 57988 | Crypt:1  | Killed Donald
 58656 | Crypt:2  | Reached ** piety under Jiyva
 59266 | Crypt:3  | Entered Level 3 of the Crypt
 59291 | Crypt:3  | Found a staircase to the Tomb.
 59374 | Crypt:3  | Reached *** piety under Jiyva
 59431 | Crypt:3  | Reached skill level 15 in Air Magic
 59441 | Crypt:3  | Gained mutation: Your natural rate of healing is unusually
                  | fast. [Jiyva's grace]
 59441 | Crypt:3  | Gained mutation: You heal very quickly. [Jiyva's grace]
 59441 | Crypt:3  | Gained mutation: You regenerate. [Jiyva's grace]
 59441 | Crypt:3  | Gained mutation: You have hidden genetic potential.
                  | [Jiyva's grace]
 59938 | Crypt:3  | Found a basalt altar of Yredelemnul.
 60369 | Crypt:3  | Reached **** piety under Jiyva
 60413 | Crypt:3  | Found the +7 sceptre of Torment {pain, torment}
 60438 | Crypt:3  | Identified the +6 war axe of Yxtarpha {freeze, SInv}
 60791 | Crypt:3  | Identified the amulet "Feudui Detz" {rC+ Regen+}
 60791 | Crypt:3  | Identified the ring "Uhir" {rN+ Int+5 Dex+2}
 60791 | Crypt:3  | Identified the ring "Ziugadaj" {rC- rN+ Dex+3 Slay+2}
 60974 | Tomb:1   | Entered Level 1 of the Tomb of the Ancients
 61310 | Tomb:1   | Reached XP level 22. HP: 109/109 MP: 9/40
 61955 | Depths:1 | Entered Level 1 of the Depths
 61972 | Depths:1 | Found the macabre finger necklace {rN+}
 62071 | Depths:1 | Gained mutation: Your flesh is cold resistant. (rC+)
                  | [Jiyva's grace]
 62071 | Depths:1 | Gained mutation: Your flesh is very cold resistant. (rC++)
                  | [Jiyva's grace]
 62071 | Depths:1 | Gained mutation: Your flesh is almost immune to the effects
                  | of cold. (rC+++) [Jiyva's grace]
 62071 | Depths:1 | Gained mutation: Your translucent skin slightly reduces
                  | your foes' accuracy. (Stealth+) [Jiyva's grace]
 62090 | Depths:1 | Reached ***** piety under Jiyva
 62161 | Depths:2 | Found Xafon's Antique Armour Shop.
 62231 | Depths:2 | Found a gateway to Hell.
 62239 | Depths:2 | Found Uffiewke's Assorted Antiques.
 62258 | Depths:2 | Found Fuohirit's Jewellery Boutique.
 62286 | Depths:2 | Gained mutation: Potions are less effective at restoring
                  | your health. [a neqoxec]
 62288 | Depths:2 | Gained mutation: You sometimes lose your temper in combat.
                  | [a neqoxec]
 62290 | Depths:2 | Gained mutation: Your spells are a little easier to cast,
                  | but a little less powerful. [a neqoxec]
 62317 | Depths:2 | Found a one-way gate leading to the halls of Pandemonium.
 62455 | Depths:2 | Found a one-way gate to the infinite horrors of the Abyss.
 62563 | Depths:2 | Found an ancient bone altar of Kikubaaqudgha.
 62651 | Depths:2 | Noticed Vv
 62733 | Depths:2 | Gained mutation: You have a pair of small horns on your
                  | head. [hidden potential]
 63454 | Depths:1 | Was forgiven by Gozag
 63671 | Depths:1 | Lost mutation: You have a pair of small horns on your head.
                  | [Jiyva's grace]
 63671 | Depths:1 | Lost mutation: You sometimes lose your temper in combat.
                  | [Jiyva's grace]
 63671 | Depths:1 | Lost mutation: You have hidden genetic potential. [Jiyva's
                  | grace]
 63671 | Depths:1 | Lost mutation: Your spells are a little easier to cast, but
                  | a little less powerful. [Jiyva's grace]
 63671 | Depths:1 | Gained mutation: Your flesh is heat resistant. (rF+)
                  | [Jiyva's grace]
 63671 | Depths:1 | Gained mutation: Your flesh is very heat resistant. (rF++)
                  | [Jiyva's grace]
 63671 | Depths:1 | Gained mutation: Your flesh is almost immune to the effects
                  | of heat. (rF+++) [Jiyva's grace]
 63671 | Depths:1 | Gained mutation: You are robust. (+10% HP) [Jiyva's grace]
 63769 | Depths:3 | Lost mutation: Your flesh is almost immune to the effects
                  | of heat. (rF+++) [potion of mutation]
 63769 | Depths:3 | Lost mutation: Your translucent skin slightly reduces your
                  | foes' accuracy. (Stealth+) [potion of mutation]
 63769 | Depths:3 | Gained mutation: You possess an exceptional clarity of
                  | mind. [potion of mutation]
 63770 | Depths:3 | Lost mutation: Your flesh is very heat resistant. (rF++)
                  | [potion of mutation]
 63770 | Depths:3 | Lost mutation: Your flesh is almost immune to the effects
                  | of cold. (rC+++) [potion of mutation]
 63770 | Depths:3 | Gained mutation: You have a pair of small antennae on your
                  | head. [potion of mutation]
 63770 | Depths:3 | Gained mutation: You are weak. (Str -2) [potion of
                  | mutation]
 63773 | Depths:3 | Lost mutation: Your flesh is very cold resistant. (rC++)
                  | [potion of mutation]
 63773 | Depths:3 | Lost mutation: You possess an exceptional clarity of mind.
                  | [potion of mutation]
 63773 | Depths:3 | Lost mutation: You regenerate. [potion of mutation]
 63773 | Depths:3 | Gained mutation: You are clumsy. (Dex -2) [potion of
                  | mutation]
 63773 | Depths:3 | Lost mutation: You heal very quickly. [potion of mutation]
 63773 | Depths:3 | Gained mutation: Your flesh is very cold resistant. (rC++)
                  | [potion of mutation]
 63774 | Depths:3 | Lost mutation: Potions are less effective at restoring your
                  | health. [potion of mutation]
 63774 | Depths:3 | Lost mutation: Your natural rate of healing is unusually
                  | fast. [potion of mutation]
 63774 | Depths:3 | Lost mutation: You are weak. (Str -2) [potion of mutation]
 63774 | Depths:3 | Gained mutation: You occasionally lose the ability to read
                  | scrolls when taking damage. [potion of mutation]
 63774 | Depths:3 | Gained mutation: Your mind is acute. (Int +4, Str/Dex -1)
                  | [potion of mutation]
 63775 | Depths:3 | Lost mutation: Your mind is acute. (Int +4, Str/Dex -1)
                  | [potion of mutation]
 63775 | Depths:3 | Lost mutation: Your flesh is very cold resistant. (rC++)
                  | [potion of mutation]
 63775 | Depths:3 | Lost mutation: You are clumsy. (Dex -2) [potion of
                  | mutation]
 63775 | Depths:3 | Gained mutation: Your magical capacity is low. (-10% MP)
                  | [potion of mutation]
 63776 | Depths:3 | Lost mutation: You occasionally lose the ability to read
                  | scrolls when taking damage. [potion of mutation]
 63776 | Depths:3 | Lost mutation: Your flesh is heat resistant. (rF+) [potion
                  | of mutation]
 63776 | Depths:3 | Gained mutation: You expend magic power (3 MP) to
                  | strengthen your wands. [potion of mutation]
 63776 | Depths:3 | Gained mutation: Your muscles are strong. (Str +4, Int/Dex
                  | -1) [potion of mutation]
 63784 | Depths:3 | Found a one-way gateway to a ziggurat.
 63801 | Depths:3 | Reached ****** piety under Jiyva
 64144 | Slime:5  | Got a slimy rune of Zot
 64665 | Depths:3 | Identified the +2 leather armour "Roph" {rPois Str+3}
 64727 | Depths:3 | Identified the +2 scale mail "Bira" {rC+ Str+2}
 65110 | Depths:3 | Reached XP level 23. HP: 126/126 MP: 25/37
 65163 | Depths:3 | Identified the +2 morningstar "Ajom Tieng" {freeze, rC+
                  | Str+4}
 65541 | Depths:4 | Entered Level 4 of the Depths
 65588 | Depths:4 | Noticed a caustic shrike
 65589 | Depths:4 | Noticed a juggernaut
 65590 | Depths:4 | Noticed a caustic shrike
 65773 | Depths:4 | Killed a juggernaut
 65788 | Depths:4 | Noticed a juggernaut
 65926 | Depths:4 | Killed a juggernaut
 66260 | Depths:4 | Found a gate to the Realm of Zot.
 66395 | Depths:4 | Lost mutation: You have a pair of small antennae on your
                  | head. [Jiyva's grace]
 66395 | Depths:4 | Gained mutation: You are partially covered in iridescent
                  | scales. (AC +2) [Jiyva's grace]
 66395 | Depths:4 | Gained mutation: You are mostly covered in iridescent
                  | scales. (AC +4) [Jiyva's grace]
 66395 | Depths:4 | Gained mutation: You are completely covered in iridescent
                  | scales. (AC +6) [Jiyva's grace]
 66395 | Depths:4 | Gained mutation: You have a small jelly attached to you
                  | that may absorb projectiles. [Jiyva's grace]
 66420 | Depths:4 | Noticed a caustic shrike
 66425 | Depths:4 | Killed a caustic shrike
 66429 | Depths:4 | Killed a caustic shrike
 66432 | Depths:4 | Killed a caustic shrike
 66462 | Zot:1    | Entered Level 1 of the Realm of Zot
 66612 | Zot:1    | Identified the ring of Hesykkioq {Fire rN+ Dex+4}
 66730 | Zot:1    | Identified the ring of Reimbursement {Contam rPois Dex+7
                  | SInv Stlth-}
 66970 | Zot:1    | Got the Cyclopedia of the Chill
 67952 | Zot:2    | Reached XP level 24. HP: 133/133 MP: 2/38
 67984 | Zot:2    | Reached skill level 15 in Spellcasting
 68216 | Zot:2    | Lost mutation: Your magical capacity is low. (-10% MP)
                  | [Jiyva's grace]
 68216 | Zot:2    | Lost mutation: You are robust. (+10% HP) [Jiyva's grace]
 68216 | Zot:2    | Gained mutation: You are partially covered in large bone
                  | plates. (SH +4) [Jiyva's grace]
 68216 | Zot:2    | Gained mutation: You are mostly covered in large bone
                  | plates. (SH +6) [Jiyva's grace]
 68216 | Zot:2    | Gained mutation: You are completely covered in large bone
                  | plates. (SH +8) [Jiyva's grace]
 68216 | Zot:2    | Gained mutation: You have a somewhat thin skeletal
                  | structure. (Dex +2, Stealth+) [Jiyva's grace]
 69499 | Zot:4    | Reached skill level 15 in Unarmed Combat
 69725 | Zot:4    | Noticed an orb of fire
 69761 | Zot:4    | Noticed a Killer Klown
 69766 | Zot:4    | Killed a Killer Klown
 69802 | Zot:4    | Noticed an ancient lich
 69812 | Zot:4    | Found a transporter.
 69815 | Zot:4    | Found a shimmering blue altar of Sif Muna.
 70078 | Zot:4    | Lost mutation: You are completely covered in iridescent
                  | scales. (AC +6) [Jiyva's grace]
 70078 | Zot:4    | Lost mutation: Your flesh is cold resistant. (rC+) [Jiyva's
                  | grace]
 70078 | Zot:4    | Lost mutation: Your muscles are strong. (Str +4, Int/Dex
                  | -1) [Jiyva's grace]
 70078 | Zot:4    | Lost mutation: You expend magic power (3 MP) to strengthen
                  | your wands. [Jiyva's grace]
 70078 | Zot:4    | Gained mutation: Your melee attacks may engulf your foes in
                  | ooze. [Jiyva's grace]
 70078 | Zot:4    | Gained mutation: You expend magic power (3 MP) to
                  | strengthen your wands. [Jiyva's grace]
 70078 | Zot:4    | Gained mutation: Your rubbery body absorbs attacks. (AC +1,
                  | EV +1) [Jiyva's grace]
 70078 | Zot:4    | Gained mutation: Your pliable body absorbs attacks. (AC +2,
                  | EV +2) [Jiyva's grace]
 70102 | Zot:4    | Noticed an ancient lich
 70345 | Zot:5    | Entered Level 5 of the Realm of Zot
 70717 | Zot:5    | Noticed a Killer Klown
 70803 | Zot:5    | Noticed an orb of fire
 70813 | Zot:5    | Killed an orb of fire
 70835 | Zot:5    | Reached XP level 25. HP: 127/127 MP: 25/44
 70869 | Zot:5    | Killed a Killer Klown
 70986 | Zot:5    | Noticed a Killer Klown
 70986 | Zot:5    | Noticed a Killer Klown
 70986 | Zot:5    | Noticed a dread lich
 70988 | Zot:5    | Noticed a Killer Klown
 70993 | Zot:5    | Noticed an orb of fire
 71001 | Zot:5    | Killed a Killer Klown
 71002 | Zot:5    | Noticed an orb of fire
 71007 | Zot:5    | Gained mutation: Your spells are a little easier to cast,
                  | but a little less powerful. [an orb of fire]
 71008 | Zot:5    | Lost mutation: You are mostly covered in iridescent scales.
                  | (AC +4) [an orb of fire]
 71012 | Zot:5    | Noticed a Killer Klown
 71013 | Zot:5    | Noticed a dread lich
 71016 | Zot:5    | Killed an orb of fire
 71031 | Zot:5    | Gained mutation: You do not regenerate when monsters are
                  | visible. [an orb of fire]
 71113 | Zot:5    | Gained mutation: You are occasionally teleported next to
                  | monsters. [an orb of fire]
 71119 | Zot:5    | Gained mutation: Your spells are easier to cast, but less
                  | powerful. [an orb of fire]
 71121 | Zot:5    | Gained mutation: Your body sometimes deteriorates upon
                  | taking damage. [an orb of fire]
 71123 | Zot:5    | Gained mutation: You occasionally shout uncontrollably at
                  | your foes. [an orb of fire]
 71126 | Zot:5    | Killed a dread lich
 71128 | Zot:5    | Gained mutation: You are frail. (-10% HP) [an orb of fire]
 71132 | Zot:5    | Killed an orb of fire
 71138 | Zot:5    | Lost mutation: Your melee attacks may engulf your foes in
                  | ooze. [potion of mutation]
 71138 | Zot:5    | Lost mutation: You expend magic power (3 MP) to strengthen
                  | your wands. [potion of mutation]
 71138 | Zot:5    | Lost mutation: You do not regenerate when monsters are
                  | visible. [potion of mutation]
 71138 | Zot:5    | Lost mutation: You are frail. (-10% HP) [potion of
                  | mutation]
 71139 | Zot:5    | Lost mutation: You are occasionally teleported next to
                  | monsters. [potion of mutation]
 71139 | Zot:5    | Lost mutation: You have a somewhat thin skeletal structure.
                  | (Dex +2, Stealth+) [potion of mutation]
 71139 | Zot:5    | Lost mutation: Your spells are easier to cast, but less
                  | powerful. [potion of mutation]
 71139 | Zot:5    | Gained mutation: You are clumsy. (Dex -2) [potion of
                  | mutation]
 71139 | Zot:5    | Gained mutation: You are strong-willed. (Will+) [potion of
                  | mutation]
 71209 | Zot:5    | Killed a Killer Klown
 71214 | Zot:5    | Lost mutation: You are partially covered in iridescent
                  | scales. (AC +2) [potion of mutation]
 71214 | Zot:5    | Lost mutation: You are strong-willed. (Will+) [potion of
                  | mutation]
 71214 | Zot:5    | Lost mutation: Your body sometimes deteriorates upon taking
                  | damage. [potion of mutation]
 71244 | Zot:5    | Killed a dread lich
 71291 | Zot:5    | Noticed a Killer Klown
 71296 | Zot:5    | Killed a Killer Klown
 71300 | Zot:5    | Killed a Killer Klown
 71361 | Zot:5    | Identified the amulet of Aclafam {Spirit rPois Dex+4}
 71479 | Zot:5    | Killed a Killer Klown
 72364 | Vaults:3 | Bought a potion of mutation for 136 gold pieces
 72399 | Vaults:3 | Bought a potion of mutation for 144 gold pieces
 72736 | Zot:4    | Gained mutation: You are frail. (-10% HP) [an orb of fire]
 72739 | Zot:4    | Killed an orb of fire
 72753 | Zot:4    | Killed an ancient lich
 72754 | Zot:4    | Identified the ring "Luelore" {rPois Will- Int+3 Slay+2
                  | Stlth+}
 72760 | Zot:4    | Killed an ancient lich
 72895 | Zot:4    | Found a transporter.
 72909 | Zot:4    | Learned a level 2 spell: Wereblood
 73298 | Vaults:5 | Entered Level 5 of the Vaults
 73427 | Vaults:5 | Reached XP level 26. HP: 106/119 MP: 33/45
 73458 | Vaults:5 | Noticed Boris
 73468 | Vaults:5 | Killed Boris
 73485 | Vaults:5 | Lost mutation: You are completely covered in large bone
                  | plates. (SH +8) [Jiyva's grace]
 73485 | Vaults:5 | Lost mutation: Your pliable body absorbs attacks. (AC +2,
                  | EV +2) [Jiyva's grace]
 73485 | Vaults:5 | Lost mutation: Your rubbery body absorbs attacks. (AC +1,
                  | EV +1) [Jiyva's grace]
 73485 | Vaults:5 | Lost mutation: Your spells are a little easier to cast, but
                  | a little less powerful. [Jiyva's grace]
 73485 | Vaults:5 | Gained mutation: Your body has grown eyes which may confuse
                  | attackers. (Acc +3) [Jiyva's grace]
 73485 | Vaults:5 | Gained mutation: Your body has grown many eyes which may
                  | confuse attackers. (Acc +5) [Jiyva's grace]
 73485 | Vaults:5 | Gained mutation: Your body is covered in eyes which may
                  | confuse attackers. (Acc +7, SInv) [Jiyva's grace]
 73485 | Vaults:5 | Gained mutation: You have a pair of small horns on your
                  | head. [Jiyva's grace]
 73488 | Vaults:5 | Identified the ring of Ucsoompo {Contam rElec rC+ Dex+5
                  | Slay+6}
 73597 | Vaults:5 | Identified the ring "Afail" {rF+ rC+ Will+}
 73623 | Vaults:5 | Got a silver rune of Zot
 73796 | Vaults:5 | Found Pituff's Jewellery Shop.
 73820 | Vaults:5 | Identified the +7 spear of Kahiegye {spect, rElec Int+2
                  | Dex+4}
 73827 | Vaults:5 | Noticed a dread lich
 73832 | Vaults:5 | Killed a dread lich
 74153 | Vaults:5 | Identified the +1 scale mail of the Sturgeon {Harm rC+
                  | Will+++ Dex-5}
 74154 | Vaults:5 | Identified the +4 mace of Drought {venom, *Slow rC+ Dex+2}
 74436 | Vaults:5 | Noticed a dread lich
 74441 | Vaults:5 | Killed a dread lich
 74786 | Depths:2 | Voluntarily entered the Abyss.
 75564 | Abyss:2  | Lost strength.
 75680 | Abyss:3  | Reached skill level 1 in Necromancy
 75954 | Abyss:4  | Reached skill level 5 in Necromancy
 75994 | Abyss:4  | Noticed a dread lich
 75999 | Abyss:4  | Killed a dread lich
 76013 | Abyss:4  | Paralysed by you for 4 turns
 76071 | Abyss:4  | Got an abyssal rune of Zot
 76083 | Abyss:4  | Lost strength.
 76101 | Depths:2 | Escaped the Abyss
 76164 | Hell     | Entered the Vestibule of Hell
 76164 | Hell     | Noticed Geryon
 76293 | Hell     | Reached XP level 27. HP: 107/122 MP: 28/45
 76298 | Hell     | Killed Geryon
 76299 | Hell     | Found a gateway to the freezing wastes of Cocytus.
 76354 | Hell     | Reached skill level 10 in Necromancy
 76503 | Hell     | Found a gateway to the ashen valley of Gehenna.
 76653 | Hell     | Found a gateway to the decaying netherworld of Tartarus.
 76829 | Hell     | Lost mutation: You are mostly covered in large bone plates.
                  | (SH +6) [Jiyva's grace]
 76829 | Hell     | Lost mutation: You are frail. (-10% HP) [Jiyva's grace]
 76829 | Hell     | Gained mutation: You have acidic saliva. [Jiyva's grace]
 76829 | Hell     | Gained mutation: You expend magic power (3 MP) to
                  | strengthen your wands. [Jiyva's grace]
 76829 | Hell     | Gained mutation: You have hidden genetic potential.
                  | [Jiyva's grace]
 76829 | Hell     | Gained mutation: You have great hidden genetic potential.
                  | [Jiyva's grace]
 76875 | Hell     | Found a gateway to the Iron City of Dis.
 77167 | Tar:1    | Entered Level 1 of Tartarus
 77416 | Tar:2    | Noticed a dread lich
 77426 | Tar:2    | Killed a dread lich
 77576 | Tar:2    | Learned a level 6 spell: Death Channel
 77585 | Tar:2    | Learned a level 8 spell: Summon Horrible Things
 77653 | Tar:3    | Reached skill level 15 in Necromancy
 78105 | Tar:5    | Found a huge runed gate.
 78131 | Tar:5    | Found a huge runed gate.
 78131 | Tar:5    | Found a huge runed gate.
 78131 | Tar:5    | Found a huge runed gate.
 78132 | Tar:5    | Found a huge runed gate.
 78132 | Tar:5    | Found a huge runed gate.
 78133 | Tar:5    | Found a huge runed gate.
 78134 | Tar:5    | Found a huge runed gate.
 78135 | Tar:5    | Found a huge runed gate.
 78136 | Tar:5    | Found a huge runed gate.
 78147 | Tar:5    | Found a huge runed gate.
 78154 | Tar:5    | Found a huge runed gate.
 78174 | Tar:5    | Noticed an ancient lich
 78180 | Tar:5    | Killed an ancient lich
 78182 | Tar:5    | Found a huge runed gate.
 78182 | Tar:5    | Found a huge runed gate.
 78182 | Tar:5    | Found a huge runed gate.
 78182 | Tar:5    | Found a huge runed gate.
 78182 | Tar:5    | Found a huge runed gate.
 78182 | Tar:5    | Found a huge runed gate.
 78182 | Tar:5    | Found a huge runed gate.
 78183 | Tar:5    | Found a huge runed gate.
 78184 | Tar:5    | Found a huge runed gate.
 78185 | Tar:5    | Found a huge runed gate.
 78243 | Tar:5    | Found a huge runed gate.
 78244 | Tar:5    | Found a huge runed gate.
 78245 | Tar:5    | Found a huge runed gate.
 78246 | Tar:5    | Found a huge runed gate.
 78263 | Tar:5    | Found a huge runed gate.
 78264 | Tar:5    | Found a huge runed gate.
 78442 | Tar:7    | Entered Level 7 of Tartarus
 78508 | Tar:7    | Gained mutation: You are resistant to electric shocks.
                  | (rElec) [hidden potential]
 79476 | Tar:7    | Noticed Ereshkigal
 79490 | Tar:7    | Paralysed by Ereshkigal for 3 turns
 79507 | Tar:7    | Killed Ereshkigal
 79509 | Tar:7    | Got a bone rune of Zot
 79552 | Tar:7    | Learned a level 9 spell: Death's Door
 79651 | Tar:7    | Found the +7 great mace "Undeadhunter" {disrupt, rN+}
 79731 | Tar:7    | Identified the +0 dagger of Conscience {vorpal, Int+4}
 80862 | Geh:1    | Entered Level 1 of Gehenna
 80862 | Geh:1    | Lost mutation: You are partially covered in large bone
                  | plates. (SH +4) [Jiyva's grace]
 80862 | Geh:1    | Lost mutation: You are resistant to electric shocks.
                  | (rElec) [Jiyva's grace]
 80862 | Geh:1    | Lost mutation: Your body is covered in eyes which may
                  | confuse attackers. (Acc +7, SInv) [Jiyva's grace]
 80862 | Geh:1    | Lost mutation: You have great hidden genetic potential.
                  | [Jiyva's grace]
 80862 | Geh:1    | Lost mutation: You have a small jelly attached to you that
                  | may absorb projectiles. [Jiyva's grace]
 80862 | Geh:1    | Gained mutation: You are robust. (+10% HP) [Jiyva's grace]
 80862 | Geh:1    | Gained mutation: You are very robust. (+20% HP) [Jiyva's
                  | grace]
 80862 | Geh:1    | Gained mutation: You are extremely robust. (+30% HP)
                  | [Jiyva's grace]
 80862 | Geh:1    | Gained mutation: You have a pair of horns on your head.
                  | [Jiyva's grace]
 81627 | Geh:4    | Noticed a dread lich
 81628 | Geh:4    | Noticed a dread lich
 81631 | Geh:4    | Killed a dread lich
 81633 | Geh:4    | Killed a dread lich
 82170 | Geh:7    | Entered Level 7 of Gehenna
 82216 | Geh:7    | Lost mutation: You are extremely robust. (+30% HP) [Jiyva's
                  | grace]
 82216 | Geh:7    | Lost mutation: You occasionally shout uncontrollably at
                  | your foes. [Jiyva's grace]
 82216 | Geh:7    | Lost mutation: Your body has grown many eyes which may
                  | confuse attackers. (Acc +5) [Jiyva's grace]
 82216 | Geh:7    | Lost mutation: Your body has grown eyes which may confuse
                  | attackers. (Acc +3) [Jiyva's grace]
 82216 | Geh:7    | Gained mutation: You have a small jelly attached to you
                  | that senses nearby items. [Jiyva's grace]
 82216 | Geh:7    | Gained mutation: You have great hidden genetic potential.
                  | [Jiyva's grace]
 82216 | Geh:7    | Gained mutation: Your mind is acute. (Int +4, Str/Dex -1)
                  | [Jiyva's grace]
 82216 | Geh:7    | Gained mutation: Your mind is very acute. (Int +8, Str/Dex
                  | -2) [Jiyva's grace]
 82287 | Geh:7    | Gained mutation: Your muscles are strong. (Str +4, Int/Dex
                  | -1) [hidden potential]
 82287 | Geh:7    | Lost mutation: You have great hidden genetic potential.
                  | [hidden potential expressed]
 82409 | Geh:7    | Noticed the Serpent of Hell
 82657 | Geh:7    | Killed the Serpent of Hell
 82932 | Geh:7    | HP: 8/216 [hellion/damnation (22)]
 83152 | Geh:7    | Identified the amulet "Dubeethru" {Faith rCorr}
 83339 | Geh:7    | Found the +7 sceptre of Asmodeus
 83339 | Geh:7    | Noticed Asmodeus
 83363 | Geh:7    | Killed Asmodeus
 83380 | Geh:7    | Got an obsidian rune of Zot
 83553 | Pan      | Entered Pandemonium
 83935 | Pan      | Noticed Hoeshruta the pandemonium lord
 83952 | Pan      | Killed Hoeshruta the pandemonium lord
 84041 | Pan      | Noticed Cosonis the pandemonium lord
 84056 | Pan      | Killed Cosonis the pandemonium lord
 84235 | Pan      | Got a demonic rune of Zot
 84591 | Pan      | Lost mutation: You have a pair of horns on your head.
                  | [Jiyva's grace]
 84591 | Pan      | Lost mutation: Your mind is very acute. (Int +8, Str/Dex
                  | -2) [Jiyva's grace]
 84591 | Pan      | Gained mutation: You are strong-willed. (Will+) [Jiyva's
                  | grace]
 84591 | Pan      | Gained mutation: You are highly strong-willed. (Will++)
                  | [Jiyva's grace]
 84591 | Pan      | Gained mutation: You are extremely strong-willed. (Will+++)
                  | [Jiyva's grace]
 84591 | Pan      | Gained mutation: Your translucent skin slightly reduces
                  | your foes' accuracy. (Stealth+) [Jiyva's grace]
 84685 | Pan      | Entered the realm of Gloorx Vloq.
 84722 | Pan      | Noticed Gloorx Vloq
 84735 | Pan      | Killed Gloorx Vloq
 84739 | Pan      | Got a dark rune of Zot
 84882 | Pan      | Entered the realm of Mnoleg.
 84949 | Pan      | Noticed Mnoleg
 84949 | Pan      | Lost mutation: Your mind is acute. (Int +4, Str/Dex -1) [a
                  | neqoxec]
 84956 | Pan      | Gained mutation: You are dopey. (Int -2) [a neqoxec]
 84981 | Pan      | Killed Mnoleg
 84987 | Pan      | Gained mutation: You occasionally lose the ability to drink
                  | potions when taking damage. [a cacodemon]
 85053 | Pan      | Got a glowing rune of Zot
 85089 | Pan      | Gained mutation: You do not regenerate when monsters are
                  | visible. [a cacodemon]
 85105 | Depths:2 | Escaped Pandemonium
 85107 | Depths:2 | Gained mutation: Your spells are a little harder to cast,
                  | but a little more powerful. [hidden potential]
 85109 | Depths:2 | Lost mutation: Your translucent skin slightly reduces your
                  | foes' accuracy. (Stealth+) [potion of mutation]
 85109 | Depths:2 | Lost mutation: You have acidic saliva. [potion of mutation]
 85109 | Depths:2 | Lost mutation: You expend magic power (3 MP) to strengthen
                  | your wands. [potion of mutation]
 85110 | Depths:2 | Lost mutation: You are clumsy. (Dex -2) [potion of
                  | mutation]
 85110 | Depths:2 | Lost mutation: You are dopey. (Int -2) [potion of mutation]
 85110 | Depths:2 | Lost mutation: You are extremely strong-willed. (Will+++)
                  | [potion of mutation]
 85110 | Depths:2 | Gained mutation: Your body sometimes deteriorates upon
                  | taking damage. [potion of mutation]
 85111 | Depths:2 | Lost mutation: You have hidden genetic potential. [potion
                  | of mutation]
 85111 | Depths:2 | Lost mutation: Your muscles are strong. (Str +4, Int/Dex
                  | -1) [potion of mutation]
 85111 | Depths:2 | Gained mutation: Your magical capacity is low. (-10% MP)
                  | [potion of mutation]
 85111 | Depths:2 | Gained mutation: Your mind is acute. (Int +4, Str/Dex -1)
                  | [potion of mutation]
 85111 | Depths:2 | Lost mutation: You do not regenerate when monsters are
                  | visible. [potion of mutation]
 85112 | Depths:2 | Lost mutation: You occasionally lose the ability to drink
                  | potions when taking damage. [potion of mutation]
 85112 | Depths:2 | Lost mutation: You are highly strong-willed. (Will++)
                  | [potion of mutation]
 85112 | Depths:2 | Gained mutation: You are occasionally teleported next to
                  | monsters. [potion of mutation]
 85112 | Depths:2 | Gained mutation: Your flesh is cold resistant. (rC+)
                  | [potion of mutation]
 85162 | Depths:2 | Learned a level 8 spell: Maxwell's Capacitive Coupling
 85166 | Pan      | Entered Pandemonium
 85201 | Pan      | Got Ocicabix's Tractate on Interference
 85260 | Pan      | Found a runed translucent door.
 85266 | Pan      | Found a runed translucent door.
 85269 | Pan      | Found a runed translucent door.
 85344 | Pan      | Found an exit through the horrors of the Abyss.
 85463 | Pan      | Lost mutation: You have a pair of small horns on your head.
                  | [Jiyva's grace]
 85463 | Pan      | Lost mutation: Your body sometimes deteriorates upon taking
                  | damage. [Jiyva's grace]
 85463 | Pan      | Lost mutation: Your magical capacity is low. (-10% MP)
                  | [Jiyva's grace]
 85463 | Pan      | Lost mutation: You have a small jelly attached to you that
                  | senses nearby items. [Jiyva's grace]
 85463 | Pan      | Gained mutation: Your flesh is heat resistant. (rF+)
                  | [Jiyva's grace]
 85463 | Pan      | Gained mutation: Your flesh is very heat resistant. (rF++)
                  | [Jiyva's grace]
 85463 | Pan      | Gained mutation: Your flesh is almost immune to the effects
                  | of heat. (rF+++) [Jiyva's grace]
 85463 | Pan      | Gained mutation: You have a pair of small horns on your
                  | head. [Jiyva's grace]
 85537 | Pan      | Noticed a seraph
 85549 | Pan      | Killed a seraph
 85649 | Pan      | Reached skill level 27 in Necromancy
 86130 | Pan      | Identified the +8 shortbow "Roolaeh" {freeze, rElec rC+
                  | Int+3}
 86155 | Pan      | Found a glowing golden altar of the Shining One.
 86193 | Pan      | Got Upiofaitz's Folio of Gusty Pollution
 86466 | Pan      | Found a white marble altar of Elyvilon.
 86856 | Pan      | Found a glowing silver altar of Zin.
 87048 | Pan      | Entered the realm of Lom Lobon.
 87120 | Pan      | Noticed Lom Lobon
 87124 | Pan      | Killed Lom Lobon
 87133 | Pan      | Learned a level 7 spell: Enfeeble
 87171 | Pan      | Got a magical rune of Zot
 87347 | Pan      | Entered the realm of Cerebov.
 87429 | Pan      | Found the +6 sword of Cerebov {flame}
 87429 | Pan      | Noticed Cerebov
 87434 | Pan      | Killed Cerebov
 87554 | Pan      | Got a fiery rune of Zot
 87570 | Pan      | Identified the amulet "Ahyjeg" {Will- Regen+ Int+6}
 87571 | Pan      | Identified the amulet of Egay {RegenMP Slay+6}
 87583 | Pan      | Identified the +9 longbow "Ocleahum" {vorpal, rPois rCorr
                  | Str-2 Dex+10}
 87619 | Pan      | Identified the +1 pair of boots of the Blind Marksman {rC+
                  | MP+9 Int+4 Dex-5}
 87871 | Pan      | Found an exit through the horrors of the Abyss.
 87910 | Pan      | Lost mutation: Your flesh is cold resistant. (rC+) [Jiyva's
                  | grace]
 87910 | Pan      | Lost mutation: Your flesh is almost immune to the effects
                  | of heat. (rF+++) [Jiyva's grace]
 87910 | Pan      | Lost mutation: You are occasionally teleported next to
                  | monsters. [Jiyva's grace]
 87910 | Pan      | Gained mutation: You possess an exceptional clarity of
                  | mind. [Jiyva's grace]
 87910 | Pan      | Gained mutation: Your translucent skin slightly reduces
                  | your foes' accuracy. (Stealth+) [Jiyva's grace]
 87910 | Pan      | Gained mutation: Your translucent skin reduces your foes'
                  | accuracy. (Stealth+) [Jiyva's grace]
 87910 | Pan      | Gained mutation: Your transparent skin significantly
                  | reduces your foes' accuracy. (Stealth+) [Jiyva's grace]
 88203 | Pan      | Reached skill level 10 in Hexes
 88265 | Pan      | Identified the +3 sling of Zexapt {vorpal, Str+3}
 88373 | Pan      | Got Pamoz's Cyclopedia of Sinister Magic
 88859 | Depths:2 | Escaped Pandemonium
 88923 | Coc:1    | Entered Level 1 of Cocytus
 89295 | Coc:3    | Lost mutation: You have a pair of small horns on your head.
                  | [Jiyva's grace]
 89295 | Coc:3    | Lost mutation: Your flesh is very heat resistant. (rF++)
                  | [Jiyva's grace]
 89295 | Coc:3    | Lost mutation: You are very robust. (+20% HP) [Jiyva's
                  | grace]
 89295 | Coc:3    | Lost mutation: Your transparent skin significantly reduces
                  | your foes' accuracy. (Stealth+) [Jiyva's grace]
 89295 | Coc:3    | Gained mutation: You passively map a small area around you.
                  | [Jiyva's grace]
 89295 | Coc:3    | Gained mutation: You passively map the area around you.
                  | [Jiyva's grace]
 89295 | Coc:3    | Gained mutation: You passively map a large area around you.
                  | [Jiyva's grace]
 89295 | Coc:3    | Gained mutation: Your rubbery body absorbs attacks. (AC +1,
                  | EV +1) [Jiyva's grace]
 89460 | Coc:4    | Noticed an ancient lich
 89461 | Coc:4    | Noticed an ancient lich
 89464 | Coc:4    | Killed an ancient lich
 89464 | Coc:4    | Killed an ancient lich
 89467 | Coc:4    | Noticed an ancient lich
 89472 | Coc:4    | Noticed an ancient lich
 89472 | Coc:4    | Noticed an ancient lich
 89472 | Coc:4    | Noticed a dread lich
 89472 | Coc:4    | Noticed an ancient lich
 89476 | Coc:4    | Noticed a dread lich
 89476 | Coc:4    | Noticed an ancient lich
 89479 | Coc:4    | Killed an ancient lich
 89479 | Coc:4    | Killed an ancient lich
 89482 | Coc:4    | Killed an ancient lich
 89483 | Coc:4    | Killed an ancient lich
 89489 | Coc:4    | Killed a dread lich
 89494 | Coc:4    | Killed an ancient lich
 89501 | Coc:4    | Killed a dread lich
 89552 | Coc:5    | Paralysed by a wendigo for 1 turns
 89561 | Coc:5    | Reached skill level 15 in Hexes
 89844 | Coc:7    | Entered Level 7 of Cocytus
 89862 | Coc:7    | Paralysed by a wendigo for 1 turns
 90603 | Coc:7    | Noticed a dread lich
 90610 | Coc:7    | Killed a dread lich
 90930 | Coc:7    | Noticed Antaeus
 90936 | Coc:7    | Killed Antaeus
 90957 | Coc:7    | Got an icy rune of Zot
 91164 | Dis:1    | Entered Level 1 of the Iron City of Dis
 91235 | Dis:2    | Noticed an ancient lich
 91239 | Dis:2    | Killed an ancient lich
 91483 | Dis:4    | Lost mutation: You are strong-willed. (Will+) [Jiyva's
                  | grace]
 91483 | Dis:4    | Gained mutation: Your transparent skin significantly
                  | reduces your foes' accuracy. (Stealth+) [Jiyva's grace]
 91483 | Dis:4    | Gained mutation: You have a small jelly attached to you
                  | that senses nearby items. [Jiyva's grace]
 91483 | Dis:4    | Gained mutation: You are agile. (Dex +4, Str/Int -1)
                  | [Jiyva's grace]
 91483 | Dis:4    | Gained mutation: You are very agile. (Dex +8, Str/Int -2)
                  | [Jiyva's grace]
 91713 | Dis:5    | Found a burning altar of Makhleb.
 91856 | Dis:7    | Entered Level 7 of the Iron City of Dis
 92247 | Dis:7    | Noticed a juggernaut
 92251 | Dis:7    | Killed a juggernaut
 92252 | Dis:7    | Reached skill level 27 in Unarmed Combat
 92398 | Dis:7    | Noticed a juggernaut
 92416 | Dis:7    | Killed a juggernaut
 92430 | Dis:7    | Noticed a juggernaut
 92446 | Dis:7    | Killed a juggernaut
 92630 | Dis:7    | Found the +4 staff of Dispater
 92630 | Dis:7    | Noticed Dispater
 92749 | Dis:7    | Killed Dispater
 92784 | Dis:7    | Got an iron rune of Zot
 92785 | Dis:7    | Identified the ring "Bixuol" {rElec rF+ EV+4 Slay+3 Stlth+}
 93850 | Crypt:1  | Noticed Frederick
 93855 | Crypt:1  | Killed Frederick
 94204 | Tomb:1   | Lost mutation: Your mind is acute. (Int +4, Str/Dex -1)
                  | [Jiyva's grace]
 94204 | Tomb:1   | Lost mutation: You passively map a large area around you.
                  | [Jiyva's grace]
 94204 | Tomb:1   | Lost mutation: You passively map the area around you.
                  | [Jiyva's grace]
 94204 | Tomb:1   | Lost mutation: Your transparent skin significantly reduces
                  | your foes' accuracy. (Stealth+) [Jiyva's grace]
 94204 | Tomb:1   | Lost mutation: You have a small jelly attached to you that
                  | senses nearby items. [Jiyva's grace]
 94204 | Tomb:1   | Gained mutation: You are strong-willed. (Will+) [Jiyva's
                  | grace]
 94204 | Tomb:1   | Gained mutation: You are highly strong-willed. (Will++)
                  | [Jiyva's grace]
 94204 | Tomb:1   | Gained mutation: You are extremely strong-willed. (Will+++)
                  | [Jiyva's grace]
 94204 | Tomb:1   | Gained mutation: You are very robust. (+20% HP) [Jiyva's
                  | grace]
 94330 | Tomb:2   | Noticed a royal mummy
 94331 | Tomb:2   | Noticed a royal mummy
 94331 | Tomb:2   | Noticed a royal mummy
 94333 | Tomb:2   | Noticed a royal mummy
 94333 | Tomb:2   | Noticed a royal mummy
 94334 | Tomb:2   | Killed a royal mummy
 94339 | Tomb:2   | Killed a royal mummy
 94341 | Tomb:2   | Killed a royal mummy
 94341 | Tomb:2   | Killed a royal mummy
 94341 | Tomb:2   | Killed a royal mummy
 94464 | Tomb:2   | Learned a level 2 spell: Sublimation of Blood
 94544 | Tomb:1   | Noticed a royal mummy
 94545 | Tomb:1   | Noticed a royal mummy
 94547 | Tomb:1   | Killed a royal mummy
 94551 | Tomb:1   | Killed a royal mummy
 94556 | Tomb:1   | Noticed a royal mummy
 94558 | Tomb:1   | Noticed a royal mummy
 94567 | Tomb:1   | Killed a royal mummy
 94576 | Tomb:1   | Killed a royal mummy
 94678 | Tomb:1   | Noticed a royal mummy
 94683 | Tomb:1   | Killed a royal mummy
 94684 | Tomb:1   | Noticed a royal mummy
 94690 | Tomb:1   | Killed a royal mummy
 94731 | Tomb:1   | Noticed a royal mummy
 94735 | Tomb:1   | Killed a royal mummy
 94737 | Tomb:1   | Noticed a royal mummy
 94742 | Tomb:1   | Noticed a royal mummy
 94761 | Tomb:1   | Killed a royal mummy
 94769 | Tomb:1   | Killed a royal mummy
 94844 | Tomb:1   | Noticed a royal mummy
 94845 | Tomb:1   | Noticed a royal mummy
 94856 | Tomb:1   | Killed a royal mummy
 94859 | Tomb:1   | Killed a royal mummy
 94911 | Tomb:1   | Noticed a royal mummy
 94919 | Tomb:1   | Killed a royal mummy
 94986 | Tomb:1   | Noticed a royal mummy
 94994 | Tomb:1   | Killed a royal mummy
 95108 | Tomb:3   | Entered Level 3 of the Tomb of the Ancients
 95118 | Tomb:3   | Noticed a royal mummy
 95120 | Tomb:3   | Noticed a royal mummy
 95158 | Tomb:3   | Identified the ring of Pifah {Fly rC+ Str+3 Int-4 Dex+2}
 95160 | Tomb:3   | Identified the ring of Caam {Ice rPois rN+++ Str-4 Dex-2}
 95225 | Tomb:3   | Noticed a royal mummy
 95242 | Tomb:3   | Killed a royal mummy
 95243 | Tomb:3   | Reached skill level 27 in Dodging
 95252 | Tomb:3   | Killed a royal mummy
 95255 | Tomb:3   | Noticed a royal mummy
 95260 | Tomb:3   | Killed a royal mummy
 95326 | Tomb:3   | Noticed a royal mummy
 95330 | Tomb:3   | Noticed a royal mummy
 95339 | Tomb:3   | Killed a royal mummy
 95342 | Tomb:3   | Killed a royal mummy
 95357 | Tomb:3   | Killed a royal mummy
 95359 | Tomb:3   | Noticed a royal mummy
 95376 | Tomb:3   | Noticed a royal mummy
 95376 | Tomb:3   | Noticed a royal mummy
 95377 | Tomb:3   | Killed a royal mummy
 95382 | Tomb:3   | Killed a royal mummy
 95387 | Tomb:3   | Killed a royal mummy
 95617 | Tomb:3   | Got a golden rune of Zot
 95651 | Tomb:3   | Got the Quarto of Orientation
 95662 | Tomb:2   | Identified the +11 flail of the Gnat {flame, rPois rC+
                  | Dex+4}
 96311 | Zot:5    | Got the Orb of Zot
 96498 | Depths:4 | Noticed Gehi the pandemonium lord
 96510 | Depths:4 | Killed Gehi the pandemonium lord
 96640 | D:12     | Noticed Joyd the pandemonium lord
 96653 | D:12     | Killed Joyd the pandemonium lord
 96950 | D:$      | Escaped with the Orb!

Illustrated notes

Levels and vault maps discovered:
D:1:      erik_arrival_orb_chamber, layout_basic
D:2:      layout_basic, basic_ecumenical_altar, basic_altar
D:3:      layout_basic, uniq_natasha
D:4:      layout_cave_pools, grunt_temple_overflow_open,
          minmay_temple_entry_sparse_star
D:5:      layout_basic, riverfiend_overflow_shadow_ancestor,
          chequers_serial_rivers_micro_d, uniq_menkaure, uniq_eustachio
D:6:      layout_rooms, lemuel_tele_altar, old_standard_altar,
          kennysheep_generic_room_3
D:7:      layout_rooms, nicolae_overflow_crystal_walls,
          grunt_temple_overflow_diamond
D:8:      minmay_four_partial_circles, layout_basic, slow_altar_1, zin_academy,
          serial_shops, nicolae_stop_n_shop_1
D:9:      layout_loops_cross, lair_entry_dummy, lightli_orcish_oven, uniq_psyche
D:10:     layout_stronghold, fedhas_altar_fruit_tree,
          nemelex_spade_bored_becter, mainiacjoe_overflow_boulevard,
          serial_bayou_pond_c, minivault_16, roderic_lattice_a, uniq_grum
D:11:     layout_small_grid, minmay_orc_entry_guard_dogs,
          biasface_ghost_orc_armoury, corexii_leaking_fountain,
          minmay_misc_feat_four_crosses, uniq_snorg, uniq_sonja, uniq_lodul
D:12:     layout_basic, nicolae_trove_entry_isolated, uniq_rupert, uniq_nessos,
          uniq_kirke, uniq_nergalle, uniq_erolcha, uniq_urug
D:13:     layout_roguey, nicolae_elyvilon_peaceful_grove
D:14:     layout_rooms, david_vaults_5, portal_ice_cave_entry_dragon,
          serial_park_gazebo [serial_park_minivault_5x5_5]
D:15:     gammafunk_depths_entry_grave, layout_cave_pools, serial_shops,
          nicolae_shop_stone, nicolae_qazlal_general_emergency
Temple:   corrupted_temple
Lair:1:   layout_misc_corridors, uniq_erica, uniq_maggie, uniq_amaemon
Lair:2:   layout_misc_corridors, elwin_shoals_entry_rocks,
          spider_nest_entry_web_field
Lair:3:   layout_cave_pods, gauntlet_entry_generic
Lair:4:   layout_regular_city, nicolae_slime_entry_slimehenge,
          grunt_megastairs_5, serial_bayou_shore_a
Lair:5:   minmay_lair_end_enchanted_forest, layout_cave_pods,
          grunt_megastairs_3, serial_bayou_shore_b, lemuel_fruit_tree,
          infiniplex_staircase_pool
Shoals:1: layout_shoals
Shoals:2: layout_shoals, uniq_mlioglotl
Shoals:3: layout_shoals, nicolae_shoals_aquamancer_cove, uniq_polyphemus
Shoals:4: shoals_end_simple, layout_shoals, abandoned_shop, kb_tengu_band,
          uniq_nikola
Spider:1: layout_cave_pods
Spider:2: layout_chambers
Spider:3: layout_spider_delve, hellmonk_deceptive_appearances, uniq_louise
Spider:4: spider_rune_water, nicolae_spider_twisty_arc_passages
Slime:1:  layout_caves
Slime:2:  layout_caves
Slime:3:  layout_caves
Slime:4:  cheibrodos_slime_lost_civilization_10, layout_caves
Slime:5
Orc:1:    layout_caves
Orc:2:    pubby_orc_utopia
Elf:1:    eino_elf_arrival_sip, layout_geoelf_octagon, minmay_elf_demonology,
          lemuel_upstairs_altar
Elf:2:    nicolae_elf_blades_splatter_lattice [nicolae_blade_lattice],
          layout_loops_cross, lemuel_flame_loot_1, minmay_shoptagon,
          uniq_asterion
Elf:3:    minmay_elf_hall_curves, layout_gridlike,
          nicolae_elf_variegated_diamond, minmay_shop_grove
Vaults:1: st_more_cells, v_alt_pattern_5, hangedman_vaults_corner_blocks,
          vaults_dpeg_diagonal, ontoclasm_vaults_ring_large,
          ontoclasm_vaults_ligature, nicolae_vaults_little_squares_1, v_misc_15,
          nicolae_vaults_network_quincunx
          [nicolae_vaults_network_quincunx_subvault,
          nicolae_vaults_network_quincunx_subvault,
          nicolae_vaults_network_quincunx_subvault,
          nicolae_vaults_network_quincunx_subvault,
          nicolae_vaults_network_quincunx_subvault], v_misc_23,
          dpeg_vaults_monster_row, layout_vaults_big_cross
Vaults:2: nicolae_vaults_little_squares_6, vaults_room_fancy_cross, v_misc_24,
          vaults_room_semicircle, vaults_standard_mumra_enter_the_diamond,
          v_rooms_4, vaults_room_octagon, hangedman_vaults_locks,
          grunt_vaults_focal, hangedman_vaults_hard_town_square,
          vaults_dpeg_encased_lava, nicolae_vaults_angled_halls,
          nicolae_vaults_asterisk, nicolae_vaults_asterisk, layout_vaults_ring,
          serial_shops, nicolae_shop_bloodbath_and_beyond
Vaults:3: nicolae_vaults_rhombus_7, hangedman_vaults_cutoff, vaults_room_fours,
          v_misc_16, nicolae_vaults_specimen_jars,
          nicolae_vaults_big_angled_halls, nicolae_vaults_little_squares_2,
          hangedman_vaults_trim, v_misc_17, ontoclasm_vaults_loading_screen,
          layout_vaults_quadrants, minmay_crypt_entry_simple_round,
          serial_shops, shop, shop, shop_statue, nicolae_shop_crystal, shop,
          uniq_aizul
Vaults:4: nicolae_vaults_quartermaster, vaults_standard_mumra_enter_the_diamond,
          vaults_mumra_hexcomb, v_misc_22, vaults_room_door_ring, v_misc_8,
          nicolae_vaults_little_squares_1, v_pattern_1,
          nicolae_vaults_windows_and_doors_thing, v_rooms_5,
          vaults_room_fancy_cross, hangedman_vaults_slither,
          layout_vaults_maze_snakey, serial_shops, nicolae_square_shop, shop,
          shop_statue, nicolae_shop_waterfront, shop
Vaults:5: uniq_boris
Crypt:1:  layout_regular_city, grunt_megastairs_4, uniq_donald, uniq_frederick
Crypt:2:  layout_regular_city
Crypt:3:  due_elkab, layout_chaotic_city, nicolae_crypt_niches,
          lemuel_statue_altar
Tomb:1
Tomb:2
Tomb:3
Depths:1: layout_cave_pools, grunt_mini_vestibule, minmay_crystal_room,
          hangedman_glass_teeth, corner_web_ring, feat_on_display
Depths:2: minmay_tri_stars, layout_cave_shapes, pf_vacation_house_of_asmodeus,
          grunt_pan_entry_in_and_out, serial_shops, shop, nicolae_diamond_shop,
          nicolae_shop_temple_entry_statues_fountains, abyss_entry_crystal,
          lemuel_zombie_altar_kikubaaqudgha, uniq_vv
Depths:3: ragdoll_tomb_raider, layout_long_grid, enter_ziggurat_d,
          kennysheep_donut, abyss_entry, hell_entry, kennysheep_small_spiral,
          infiniplex_staircase_pool_2
Depths:4: grunt_x_marks_the_spot, layout_cave_shapes, hell_entry
Hell
Dis:1:    layout_jigsaw
Dis:2:    hangedman_iron_city_apartments
Dis:3:    layout_gridville
Dis:4:    layout_subdivisions, nicolae_dis_spooky_hallway
Dis:5:    kennysheep_iron_temple, layout_regular_city
Dis:6:    layout_overlapping_boxes
Dis:7:    dis_grunt_layers
Geh:1:    layout_gehenna_pools_box
Geh:2:    layout_gehenna_pools_triple
Geh:3:    layout_gehenna_pools_basic, nicolae_geh_lavax
Geh:4:    layout_gehenna_lava_caves
Geh:5:    layout_gehenna_lava_caves
Geh:6:    layout_gehenna_lava_caves
Geh:7:    geh_grunt_pentagon
Coc:1:    layout_cocytus_water_paths
Coc:2:    layout_ice_bergs
Coc:3:    layout_ice_bergs
Coc:4:    layout_ice_bergs, nicolae_hells_leichenhalle
Coc:5:    layout_ice_bergs
Coc:6:    layout_cocytus_delve
Coc:7:    coc_grunt
Tar:1:    layout_catacombs, nicolae_tar_cuneiform_bread
Tar:2:    layout_grid_maze, nicolae_tar_four_comb_rooms
Tar:3:    layout_catacombs
Tar:4:    nicolae_tar_funeral_procession, layout_cathedral_of_symmetry
Tar:5:    layout_grid_maze, door_vault
Tar:6:    layout_grid_maze
Tar:7:    tar_mu [tar_mu_maze]
Zot:1:    layout_onion_interference, st_large_dragon_hoard_4, grunt_megastairs_1
Zot:2:    layout_gridlike, st_small_dragon_hoard_2
Zot:3:    layout_concentric_octagons
Zot:4:    gammafunk_sealed_library, layout_concentric_octagons
Zot:5:    layout_concentric_octagons

Skill      XL: |  1  2  3  4  5  6  7  8  9 10 11 12 13 14 15 16 17 18 19 20 21 22 23 24 25 26 27 |
---------------+----------------------------------------------------------------------------------+-----
Spellcasting   | 3 4 5 6 7 8 10 11 12 13 14 16 17 22 | 22.0
Summonings     | 5 6 7 8 9 11 12 13 14 | 14.0
Fighting       | 1 2 3 5 6 7 8 10 12 15 14 16 17 18 19 20 21 25 | 25.4
Dodging        | 3 4 5 7 8 10 13 14 15 16 17 21 22 23 24 27 | 27.0
Hexes          | 1 2 3 5 23 | 23.9
Air Magic      | 3 4 5 6 7 9 11 12 13 14 15 16 17 19 20 | 20.8
Translocations | 1 5 6 9 12 16 15 18 19 20 21 22 23 | 23.0
Transmutations | 3 12 13 15 16 17 19 | 19.0
Earth Magic    | 2 5 |  5.0
Unarmed Combat | 3 6 8 10 11 13 14 15 17 21 27 | 27.0
Necromancy     | 8 27 | 27.0
Stealth        | |  2.6

Action                   |  1- 3 |  4- 6 |  7- 9 | 10-12 | 13-15 | 16-18 | 19-21 | 22-24 | 25-27 || total
-------------------------+-------+-------+-------+-------+-------+-------+-------+-------+-------++-------
Melee: Unarmed           |     8 |     6 |     5 |    29 |    94 |   497 |  1389 |  1518 |  4960 ||  8506
       Bite              |     1 |     1 |       |     8 |    20 |     6 |     2 |     4 |     1 ||    43
       Punch             |       |       |       |       |     2 |     7 |    92 |    88 |   492 ||   681
 Cast: Summon Small Mamm |    59 |    14 |     7 |     3 |     4 |       |       |       |       ||    87
       Call Imp          |     8 |    10 |     5 |     7 |     5 |     4 |       |       |       ||    39
       Call Canine Famil |     2 |    25 |    24 |    68 |   116 |    87 |     2 |       |     1 ||   325
       Summon Guardian G |       |     6 |    32 |   119 |   151 |    74 |       |       |       ||   382
       Summon Lightning  |       |       |     4 |    65 |   114 |    83 |     6 |     3 |     1 ||   276
       Summon Cactus Gia |       |       |       |    39 |   169 |   115 |    12 |     6 |     6 ||   347
       Blink             |       |       |       |     5 |    12 |    14 |     6 |    10 |    13 ||    60
       Malign Gateway    |       |       |       |       |    35 |    50 |    42 |    24 |    51 ||   202
       Dispersal         |       |       |       |       |     3 |     9 |     2 |     2 |     4 ||    20
       Manifold Assault  |       |       |       |       |       |   172 |   269 |   422 |  1334 ||  2197
       Storm Form        |       |       |       |       |       |    50 |    87 |    67 |   210 ||   414
       Apportation       |       |       |       |       |       |     1 |       |     1 |    15 ||    17
       Wereblood         |       |       |       |       |       |       |       |       |   118 ||   118
       Death Channel     |       |       |       |       |       |       |       |       |    78 ||    78
       Summon Horrible T |       |       |       |       |       |       |       |       |    39 ||    39
       Enfeeble          |       |       |       |       |       |       |       |       |    21 ||    21
       Death's Door      |       |       |       |       |       |       |       |       |     7 ||     7
       Maxwell's Capacit |       |       |       |       |       |       |       |       |     5 ||     5
Invok: Call Merchant     |       |       |       |     1 |     4 |       |     1 |       |       ||     6
       Potion Petition   |       |       |       |       |       |     2 |     1 |       |       ||     3
       Oozemancy         |       |       |       |       |       |       |       |       |     2 ||     2
 Abil: Blinkbolt         |       |       |       |       |       |    27 |    69 |    44 |   140 ||   280
       End Transformatio |       |       |       |       |       |       |     1 |     1 |     4 ||     6
Evoke: Wand              |       |       |       |     2 |     4 |     9 |       |       |     3 ||    18
  Use: Scroll            |       |       |       |    16 |    11 |     8 |     4 |     6 |    33 ||    78
       Potion            |       |       |       |    11 |     4 |     8 |     1 |     7 |    58 ||    89
 Stab: Distracted        |     1 |       |       |     2 |     2 |     4 |     5 |     3 |    36 ||    53
       Sleeping          |       |     1 |       |     2 |       |       |     7 |     4 |     5 ||    19
       Paralysed         |       |       |       |       |       |     3 |       |       |       ||     3
       Betrayed ally     |       |       |       |       |       |     1 |       |       |       ||     1
       Confused          |       |       |       |       |       |       |     1 |       |     1 ||     2
       Invisible         |       |       |       |       |       |       |       |     3 |     6 ||     9
       Petrifying        |       |       |       |       |       |       |       |       |     1 ||     1
Armor: Skin              |     1 |     1 |     2 |     7 |     6 |    34 |    81 |    72 |   290 ||   494
Dodge: Dodged            |    16 |    17 |    29 |   127 |   312 |   528 |  1217 |  1121 |  2792 ||  6159
Block: Other             |       |       |       |       |       |       |       |     1 |       ||     1
